 Dungeon Crawl Stone Soup version 0.21-a0-394-gdc75ea7 (webtiles) character file.

377551 theanonym the Lord of Darkness (level 21, -1/127 HPs)
             Began as a Deep Elf Ice Elementalist on Oct 17, 2017.
             Was the Champion of Kikubaaqudgha.
             Killed from afar by an ogre mage (29 damage)
             ... with a bolt of lightning
             ... on level 2 of the Depths on Oct 18, 2017.
             The game lasted 10:46:51 (81011 turns).

theanonym the Lord of Darkness (DEIE)              Turns: 81011, Time: 10:46:51

Health: -1/127     AC: 21    Str:  5    XL:     21   Next: 83%
Magic:  11/70      EV: 18    Int: 34    God:    Kikubaaqudgha [******]
Gold:   1972       SH:  7    Dex: 10    Spells: 3/59 levels left

rFire    + . .     SeeInvis +   W - staff of power
rCold    + + .     Gourm    .   Z - +3 buckler
rNeg     + + +     Faith    .   D - +2 robe {rC+ rF+}
rPois    ∞         Spirit   .   u - +2 hat
rElec    .         Reflect  .   n - +2 cloak {MR+}
rCorr    .         Harm     .   O - +2 pair of gloves
MR       +++++                  c - +2 pair of boots {run}
Stlth    ++........             J - amulet of magic regeneration
HPRegen  0.31/turn              j - ring of wizardry
MPRegen  0.67/turn              H - ring of the Sunfish {MR+ MP+9 Int+3 Dex-5 SInv}

@: lich-form, quick
A: no striking features
}: 2/15 runes: serpentine, barnacled
a: End Transformation, Receive Corpses, Torment, Renounce Religion


You were on level 2 of the Depths.
You worshipped Kikubaaqudgha.
Kikubaaqudgha was exalted by your worship.
You were not hungry.
You were a lich.
You visited 11 branches of the dungeon, and saw 47 of its levels.
You visited 1 bazaar.
You also visited: Labyrinth, Ice Cave and Volcano.

You collected 5872 gold pieces.
You spent 3900 gold pieces at shops.

Inventory:

Missiles
 X - 7 throwing nets (quivered)
Armour
 c - a +2 pair of boots of running (worn)
   (You bought it in a shop in a bazaar)
 n - a +2 cloak of magic resistance (worn)
   (You found it on level 3 of the Elven Halls)
 u - a +2 hat (worn)
   (You found it on level 3 of the Dungeon)
 D - a +2 robe of resistance (worn)
   (You found it on level 14 of the Dungeon)
 N - a +2 buckler of poison resistance
   (You took it off a spriggan defender on level 2 of the Depths)
 O - a +2 pair of gloves (worn)
   (You found it on level 11 of the Dungeon)
 Z - a +3 buckler (worn)
   (You found it on level 3 of the Lair of Beasts)
Magical Staves
 W - an uncursed staff of power (weapon)
   (You bought it in a shop on level 2 of the Orcish Mines)
Jewellery
 j - a ring of wizardry (left hand)
   (You bought it in a shop on level 2 of the Orcish Mines)
 o - an uncursed ring of resist corrosion
   (You took it off a wight on level 10 of the Dungeon)
 v - an uncursed ring of protection from magic
   (You took it off Azrael on level 12 of the Dungeon)
 H - the ring of the Sunfish (right hand) {MR+ MP+9 Int+3 Dex-5 SInv}
   (You found it on level 3 of the Crypt)

   [ring of magical power]

   It affects your intelligence (+3).
   It affects your dexterity (-5).
   It affects your resistance to hostile enchantments.
   It affects your magic capacity (+9).
   It lets you see invisible.
 J - an amulet of magic regeneration (around neck)
   (You found it on level 1 of the Lair of Beasts)
 M - an uncursed ring of protection from fire
   (You took it off a merfolk on level 4 of the Shoals)
 S - the amulet of Vitality {Regen+ HP+15}
   (You bought it in a shop in a bazaar)

   [amulet of regeneration]

   It affects your health (+15).
   It increases your rate of regeneration.
 T - an uncursed ring of protection from cold
   (You took it off a merfolk siren on level 1 of the Shoals)
Wands
 b - a wand of digging (23/24)
   (You took it off a human on level 14 of the Dungeon)
 w - a wand of digging (8/24)
   (You found it on level 3 of the Elven Halls)
 B - a wand of enslavement (8/24)
   (You took it off Maurice on level 13 of the Dungeon)
Scrolls
 a - 3 scrolls of silence
 d - 23 scrolls of remove curse
 k - 5 scrolls of fog {!r}
 r - 4 scrolls of identify
 s - 19 scrolls of teleportation
 z - 2 scrolls of blinking
 P - 5 scrolls of magic mapping
Potions
 m - a potion of resistance
 p - 4 potions of invisibility
 q - 7 potions of agility
 A - 8 potions of heal wounds
 C - 4 potions of flight
 E - 13 potions of curing
 F - 4 potions of might
 G - 4 potions of ambrosia
 K - 4 potions of haste
 U - 6 potions of brilliance
 Y - a potion of magic
Books
 e - a book of Enchantments
   (You found it on level 3 of the Elven Halls)

   Spells                             Type                      Level
   a - Cause Fear                     Hexes                        4
   b - Yara's Violent Unravelling     Hexes/Transmutation          5
   c - Silence                        Hexes/Air                    5
   d - Deflect Missiles               Charms/Air                   6
   e - Discord                        Hexes                        8
 i - a book of the Earth
   (You bought it in a shop on level 1 of the Vaults)

   Spells                             Type                      Level
   a - Leda's Liquefaction            Hexes/Earth                  4
   b - Bolt of Magma                  Conjuration/Fire/Earth       5
   c - Statue Form                    Transmutation/Earth          6
   d - Iron Shot                      Conjuration/Earth            6
   e - Shatter                        Earth                        9
 V - a book of Power
   (You found it on level 3 of the Elven Halls)

   Spells                             Type                      Level
   a - Iskenderun's Battlesphere      Conjuration/Charms           5
   b - Venom Bolt                     Conjuration/Poison           5
   c - Bolt of Magma                  Conjuration/Fire/Earth       5
   d - Iron Shot                      Conjuration/Earth            6
   e - Orb of Destruction             Conjuration                  7
   f - Spellforged Servitor           Conjuration/Summoning        7
Miscellaneous
 g - a sack of spiders
 h - 3 phantom mirrors
 t - a box of beasts
 y - a phial of floods
   (You found it on level 6 of the Lair of Beasts)
 I - a fan of gales
   (You found it on level 3 of the Crypt)
 L - a phial of floods
   (You found it on level 3 of the Elven Halls)
Comestibles
 f - 16 royal jellies
 l - 30 fruits
 x - 18 meat rations
 Q - 4 chunks of flesh


   Skills:
 - Level 12.0 Fighting
 - Level 12.5 Dodging
 - Level 2.4 Stealth
 - Level 4.0 Shields
 - Level 19.9 Spellcasting
 - Level 13.1 Conjurations
 - Level 10.0 Charms
 - Level 4.0 Summonings
 - Level 21.9 Necromancy
 - Level 10.0 Transmutations
 - Level 13.1 Ice Magic
 * Level 17.4 Earth Magic


You had 3 spell levels left.
You knew the following spells:

 Your Spells              Type           Power        Failure   Level  Hunger
a - Bolt of Draining      Conj/Necr      ########..   0%          5    N/A
b - Iron Shot             Conj/Erth      #######...   1%          6    N/A
c - Haunt                 Necr/Summ      ########..   1%          7    N/A
d - Blink                 Tloc           N/A          1%          2    N/A
f - Necromutation         Tmut/Necr      ########..   3%          8    N/A
g - Ozocubu's Armour      Chrm/Ice       #######.     1%          3    N/A
h - Dispel Undead         Necr           ########     0%          5    N/A
i - Freeze                Ice            ####         0%          1    N/A
j - Infestation           Necr           ########..   1%          8    N/A
o - Death Channel         Necr           ########..   0%          6    N/A
r - Regeneration          Chrm/Necr      ########..   0%          3    N/A
s - Swiftness             Chrm/Air       ######..     1%          2    N/A

Dungeon Overview and Level Annotations

Branches:
Dungeon (15/15)            Temple (1/1) D:7            Lair (6/6) D:10
 Shoals (4/4) Lair:4        Snake (4/4) Lair:2        Slime (3/5) Lair:5
    Orc (2/2) D:12            Elf (3/3) Orc:2        Vaults (4/5) D:14
  Crypt (3/3) Vaults:3       Tomb (0/3) Crypt:3      Depths (2/5) D:15

Altars:
Ashenzari
Cheibriados
Dithmenos
Elyvilon
Fedhas
Gozag
Hepliaklqana
Kikubaaqudgha
Makhleb
Nemelex Xobeh
Okawaru
Qazlal
Ru
Sif Muna
Trog
Uskayaw
Vehumet
Wu Jian
Xom
Yredelemnul
Zin
The Shining One

Shops:
D:3 *   D:13 *   Orc:2 *(?}   Elf:2 %   Elf:3 ?   Vaults:1 *   Depths:1 !}

Portals:
Hell: Depths:1 Depths:2
Pandemonium: Orc:2 Depths:2

Annotations:
D:3 exclusion: upstairs
D:4 exclusions: phantom and worker ant
D:7 exclusion: hog
Lair:2 exclusion: 2 oklob plants
Lair:3 exclusion: 2 oklob plants
Elf:1 3 exclusions
Crypt:2 exclusion: downstairs
Depths:2 1 transporter


Message History

Orders for allies: a - Attack new target. p - Attack previous target. r - Retreat! s - Stop attacking. g - Guard the area. f - Follow me.
Anything else - Cancel.
Gang up on whom?
Aim: a merfolk javelineer, wielding a spear and wearing a leather armour (infested) Attack!
Your spectral spriggan defender fades into mist!
Your death scarab closely misses the merfolk javelineer. x2
The ogre mage misses you.
The merfolk javelineer throws a javelin of penetration.
The javelin of penetration pierces through your death scarab!! x2
Your death scarab is destroyed!
The javelin of penetration closely misses you.
The javelin of penetration pierces through your death scarab!
The javelin of penetration misses your death scarab.
The javelin of penetration pierces through your death scarab!!
Your death scarab bites the ogre mage.
Your death scarab drains the ogre mage's vigour!
The ogre mage seems to slow down.
Your death scarab draws strength from the ogre mage's injuries!
You swap places.
Your death scarab bites the merfolk javelineer!!
Your death scarab draws strength from the merfolk javelineer's injuries!
Your death scarab closely misses the merfolk javelineer.
The ogre mage closely misses your death scarab.
Your death scarab barely misses the ogre mage.
The merfolk javelineer throws a javelin of penetration.
The javelin of penetration pierces through your death scarab!
The javelin of penetration pierces through your death scarab!!
Your death scarab is destroyed!
The javelin of penetration pierces through your death scarab!!
Your death scarab is destroyed!
The javelin of penetration pierces through you!
* * * LOW HITPOINT WARNING * * *
The javelin of penetration pierces through your death scarab!
The javelin of penetration pierces through your death scarab!!
Your death scarab is destroyed!
You hear two shouts! x2
You take 16 damage, and have 34/127 hp.
Unknown command.
Unknown command.
You swap places.
Your death scarab bites the merfolk javelineer!
Your death scarab drains the merfolk javelineer's vigour!
The merfolk javelineer seems to slow down.
Your death scarab draws strength from the merfolk javelineer's injuries!
The ogre mage casts a spell at something.
The merfolk javelineer throws a javelin of penetration.
The javelin of penetration pierces through your spectral two-headed ogre!
The javelin of penetration pierces through your death scarab!!
Your death scarab is destroyed!
The javelin of penetration pierces through you!
* * * LOW HITPOINT WARNING * * *
The javelin of penetration completely misses your death scarab.
Your spectral ogre hits the merfolk javelineer.
Your spectral ogre drains the merfolk javelineer! x2
You take 7 damage, and have 27/127 hp.
Aim: an ogre mage, wielding a spear and wearing a robe (fast+slow, infested)
Okay, then.
Aim: a merfolk javelineer, wielding a spear and wearing a leather armour (heavily wounded, slow, lightly drained, infested)
You feel a surge of power!
Insubstantial figures form in the air.
* * * LOW MAGIC WARNING * * *
Your death scarab misses the merfolk javelineer.
Your death scarab barely misses the merfolk javelineer.
Something misses your death scarab. Something hits your death scarab!!
The merfolk javelineer throws a javelin of penetration.
The javelin of penetration pierces through your spectral troll!
Your spectral troll is destroyed!
The javelin of penetration pierces through your spectral two-headed ogre!
The javelin of penetration pierces through the ogre mage!
The javelin of penetration pierces through you but does no damage.
The javelin of penetration barely misses your death scarab.
Your spectral ogre hits the merfolk javelineer.
Your spectral ogre drains the merfolk javelineer! x2
You now have 10/70 mp.
You swap places.
Your death scarab bites the merfolk javelineer!!
Your death scarab draws strength from the merfolk javelineer's injuries!
The ogre mage hits your death scarab but does no damage.
Your death scarab misses the merfolk javelineer.
A two-headed ogre comes into view.
It is wielding a giant spiked club and a giant club.
You see here 7 javelins of penetration.
Your unholy channel expires.
The ogre mage is no longer moving slowly.
Your death scarab bites the two-headed ogre!!
Your death scarab drains the two-headed ogre's vigour!
The two-headed ogre seems to slow down.
Your death scarab draws strength from the two-headed ogre's injuries!
Your death scarab bites the two-headed ogre!!
The two-headed ogre dies!
Kikubaaqudgha accepts your kill.
Your spectral two-headed ogre hits the ogre mage!
Your spectral two-headed ogre hits the ogre mage but does no damage.
Something hits your death scarab.
The ogre mage points at you and mumbles some strange words.
The bolt of lightning hits your death scarab.
The bolt of lightning hits you!
You die...
Kikubaaqudgha rasps: "You have failed me!
Welcome... oblivion!"

#...........
####Z....)..
#.Z......
#ZZ...[.#
####Z.).....
#ss.....(...
####
#.s#...)....
#^.#
#.....######
#L#####Z##Z.#


#ss...OZsmW[# ##.#####)##W## #..# #.##.# ##.# #.# .# ♣♣♣ ♣.. ≈≈≈ ≈O≈≈ P≈≈ You
could see an ogre mage, a friendly spectral two-headed ogre and 3 friendly death
scarabs.

Vanquished Creatures
  Rupert (Lair:5)
  2 liches
  2 acid blobs
  2 deep elf master archers (Elf:3)
  An ancient champion (Crypt:3)
  2 krakens
  Gastronok (D:10)
  2 azure jellies
  A revenant (Crypt:1)
  A fire giant (Depths:1)
  A deep elf sorcerer (Elf:3)
  5 vault wardens
  A frost giant (D:12)
  3 ghouls
  A curse skull (Crypt:3)
  2 ironheart preservers
  2 entropy weavers
  6 very ugly things
  2 spriggan defenders (Depths:2)
  2 stone giants
  3 vampire knights
  3 deep elf annihilators
  A red draconian (Volcano)
  Azrael (D:12)
  4 ettins
  A deep elf death mage (Elf:3)
  2 eidola
  A merfolk javelineer (Shoals:3)
  4 ogre magi
  A jiangshi (Crypt:3)
  A great orb of eyes (Vaults:2)
  3 yaktaur captains
  A fire dragon (Lair:6)
  A minotaur (Lab)
  Fannar (D:10)
  Harold (D:12)
  A rakshasa (Depths:2)
  2 vault guards
  4 hydras
  A catoblepas (Lair:6)
  20 two-headed ogres
  2 anacondas (Snake:1)
  3 death knights
  A deep troll earth mage (Depths:2)
  3 centaur warriors
  5 orc high priests
  3 vampire magi
  A tengu warrior (D:15)
  A deep troll shaman (Depths:2)
  3 spriggan berserkers (Elf:3)
  2 naga sharpshooters
  4 shock serpents
  5 deep elf knights
  A shadow wraith (Crypt:2)
  A sixfirhy (Orc:2)
  A gelid demonspawn (Orc:2)
  2 infernal demonspawn (Orc:2)
  2 deep trolls
  An unseen horror (shapeshifter) (D:14)
  An unseen horror (D:14)
  4 sea snakes
  4 skeletal warriors
  A hell knight (Crypt:3)
  A glowing orange brain (Vaults:1)
  A flayed ghost (Crypt:3)
  A sphinx zombie (Crypt:2)
  Pikel (D:7)
  2 wizards
  2 ironbrand convokers (Vaults:2)
  A lindwurm (Lair:6)
  2 deep elf archers
  2 phantasmal warriors
  4 naga ritualists (Snake:1)
  A necromancer (Crypt:3)
  2 harpies (Shoals:2)
  9 orc knights
  9 orc sorcerers (Orc:2)
  4 mana vipers
  3 ugly things
  A faun (Shoals:1)
  3 manticores
  A shining eye (Slime:2)
  19 deep elf magi
  3 cyclopes
  7 elephants
  8 oklob plants
  31 black mambas
  2 water nymphs
  An eye of devastation (shapeshifter) (Vaults:2)
  3 naga magi
  2 merfolk sirens
  Maurice (D:13)
  6 spiny frogs
  Joseph (D:8)
  3 vault sentinels
  2 molten gargoyles (Lair:6)
  2 orange demons (Orc:2)
  A dire elephant skeleton (Crypt:3)
  3 gargoyles
  A kobold demonologist (D:15)
  7 komodo dragons
  2 rime drakes
  2 freezing wraiths
  An efreet (D:9)
  11 yaktaurs
  A hellwing (Orc:2)
  A guardian mummy (Crypt:1)
  2 ice devils
  A polar bear (D:11)
  7 trolls
  A wind drake (Shoals:1)
  7 merfolk
  2 hornets
  18 slime creatures
  22 blink frogs
  2 bog bodies
  8 hippogriffs
  3 snapping turtles
  Sigmund (D:2)
  3 redbacks
  A fire dragon skeleton (Crypt:3)
  The ghost of grizmgrazm2 the Magician, an amateur DECj (D:5)
  A spriggan (shapeshifter) (Elf:1)
  2 spriggans (Depths:2)
  2 vampires
  A wraith (D:14)
  6 wyverns
  2 ynoxinuls (Orc:2)
  4 fire elementals
  31 yaks
  A tarantella (Vaults:3)
  3 basilisks
  A water elemental (Depths:1)
  Eustachio (D:6)
  3 golden eyes
  2 humans (Snake:3)
  A catoblepas simulacrum (Crypt:3)
  5 fire bats (Volcano)
  4 steam dragons
  A vampire mosquito (D:12)
  A human simulacrum (Vaults:3)
  A soldier ant (D:12)
  12 nagas
  9 water moccasins
  3 wargs
  8 hell hounds
  40 orc warriors
  9 porcupines
  A black bear (D:8)
  4 slaves (D:7)
  An eye of draining (shapeshifter) (Elf:1)
  5 sky beasts
  2 eyes of draining
  2 necrophages
  20 ogres
  4 ice beasts
  20 centaurs
  A phantom (D:13)
  11 wolves
  16 crocodiles
  A torpor snail zombie (Crypt:2)
  2 big kobolds
  13 bullfrogs
  A salamander skeleton (Crypt:1)
  An earth elemental (Lab)
  A wyvern zombie (D:12)
  6 scorpions
  3 killer bees (D:11)
  A troll skeleton (Crypt:3)
  6 wights
  9 howler monkeys
  5 crimson imps
  13 lava snakes
  4 centaur skeletons
  A human zombie (Crypt:1)
  A jelly (D:6)
  7 hounds
  2 quasits
  A bullfrog skeleton (D:4)
  21 orc priests
  Crazy Yiuf (D:6)
  16 orc wizards
  A human skeleton (Crypt:1)
  4 iguanas
  3 worker ants
  A demigod zombie (Crypt:3)
  A big kobold skeleton (Crypt:3)
  A hound zombie (D:8)
  2 mummies (Crypt:1)
  Robin (D:2)
  A worker ant zombie (D:9)
  12 gnolls
  13 adders
  A shadow imp (D:9)
  A worker ant simulacrum (D:11)
  An ufetubus (D:11)
  An ooze (D:1)
  A worm zombie (Crypt:2)
  5 adder skeletons
  3 worms
  3 dart slugs
  6 leopard geckos
  75 orcs
  8 bats
  7 giant cockroaches
  9 hobgoblins
  13 jackals
  5 quokkas
  2 ball pythons
  3 frilled lizards
  9 goblins
  14 kobolds
  A quokka skeleton (D:6)
  2 rats
  A spectral orc (D:2)
  3 plants
969 creatures vanquished.

Vanquished Creatures (collateral kills)
  An ancient lich (Crypt:3)
  Mara (Snake:4)
  Saint Roka (Depths:2)
  Margery (Crypt:3)
  Nikola (Shoals:4)
  A bone dragon (Crypt:3)
  A profane servitor (Crypt:3)
  the Enchantress (Depths:2)
  2 liches (Crypt:3)
  A deep elf blademaster (Elf:2)
  Frances (D:13)
  The ghost of Yermak the Devastator, an adept DgFE (Crypt:3)
  5 acid blobs
  9 ancient champions
  Kirke (Snake:3)
  A tengu reaver (Depths:1)
  2 frost giants
  An azure jelly (Slime:2)
  2 revenants (Crypt:1)
  Donald (Vaults:1)
  Roxanne (D:14)
  12 nagarajas (Snake:4)
  Ilsuiw (Shoals:4)
  A fire giant (Vaults:3)
  7 deep elf sorcerers
  6 deep elf elementalists (Elf:3)
  A juggernaut zombie (Crypt:1)
  6 vault wardens
  Aizul (Snake:4)
  10 ghouls
  10 ironheart preservers
  A spriggan defender (Depths:2)
  6 stone giants
  9 very ugly things
  4 vampire knights
  4 deep elf demonologists
  7 deep elf annihilators
  An eidolon (Crypt:2)
  An ettin (Depths:2)
  4 merfolk javelineers
  8 jiangshi
  6 deep elf death magi
  12 merfolk impalers
  3 deep elf high priests (Elf:3)
  Josephine (D:14)
  8 fire dragons
  4 great orbs of eyes
  2 hydras
  A rakshasa (Vaults:3)
  5 ice dragons
  10 yaktaur captains
  A quicksilver dragon skeleton (Crypt:1)
  15 naga warriors
  Erolcha (D:13)
  5 vault guards
  8 anacondas
  7 centaur warriors
  3 spriggan air magi (Depths:2)
  6 merfolk aquamancers
  4 satyrs
  5 death knights
  3 vampire magi
  2 alligator snapping turtles
  21 dancing weapons
  28 two-headed ogres
  3 merfolk avatars
  2 tengu warriors (Depths:2)
  4 deep troll shamans
  7 ogre magi
  2 deep troll earth magi (Vaults:2)
  3 naga sharpshooters (Snake:4)
  A shock serpent (shapeshifter) (Vaults:4)
  3 shock serpents
  2 spriggan berserkers (Elf:3)
  14 deep elf knights
  A salamander mystic (Snake:3)
  3 shadow wraiths
  A ghost moth zombie (Crypt:2)
  5 flayed ghosts
  3 hell knights (Crypt:3)
  18 skeletal warriors
  15 sea snakes
  8 ironbrand convokers
  8 deep trolls
  5 naga ritualists
  5 wizards
  4 necromancers
  3 deep elf archers
  12 orc knights
  13 harpies
  5 phantasmal warriors
  4 wolf spiders
  33 deep elf magi
  6 mana vipers (Snake:4)
  2 frost giant zombies
  An orc sorcerer (Vaults:3)
  24 ugly things
  A shining eye (Slime:1)
  5 cyclopes
  13 fauns
  A cyclops (shapeshifter) (Depths:2)
  12 manticores
  5 salamanders
  An iron dragon skeleton (Crypt:3)
  5 guardian serpents (Snake:4)
  7 merfolk sirens
  22 black mambas
  8 naga magi
  10 vault sentinels
  A fire giant skeleton (Crypt:1)
  4 water nymphs
  2 gargoyles
  2 alligator snapping turtle zombies (Crypt:1)
  36 yaktaurs
  10 freezing wraiths
  A rime drake (Shoals:3)
  A grey draconian skeleton (Crypt:1)
  A guardian mummy (Crypt:1)
  An efreet (D:15)
  A queen ant zombie (Crypt:2)
  4 trolls
  39 merfolk
  A wind drake (shapeshifter) (Elf:3)
  A troll (shapeshifter) (Depths:2)
  A jumping spider zombie (Crypt:2)
  8 wind drakes
  2 moth of wrath zombies
  2 dream sheep (Shoals:1)
  2 hornets
  2 blink frogs (shapeshifter) (Vaults:2)
  4 hippogriffs
  38 slime creatures
  A bog body (Crypt:3)
  A redback (Vaults:3)
  10 snapping turtles
  A centaur simulacrum (D:15)
  6 flying skulls (Crypt:1)
  8 yaks
  2 shadows (D:15)
  A redback (shapeshifter) (Vaults:2)
  5 air elementals (Depths:2)
  A wyvern (D:13)
  17 water elementals
  A tarantella (Vaults:3)
  12 wraiths
  A wind drake zombie (Crypt:3)
  2 tarantellas (shapeshifter) (Vaults:4)
  2 fire elementals (Elf:3)
  A hog (Snake:3)
  An ettin skeleton (Crypt:1)
  A fire bat (shapeshifter) (D:14)
  5 golden eyes
  18 humans (D:14)
  A golden eye (shapeshifter) (Vaults:3)
  A hog (shapeshifter) (Depths:1)
  4 steam dragons (Shoals:3)
  4 vampire mosquitoes (D:15)
  An acid dragon (Vaults:2)
  45 nagas
  A faun zombie (Crypt:1)
  5 wargs
  A torturous demonspawn zombie (Crypt:1)
  9 orc warriors
  5 necrophages
  A phantom (D:14)
  2 ice beasts
  29 ogres
  A wolf (D:11)
  An alligator simulacrum (Crypt:3)
  An eye of draining (shapeshifter) (Elf:2)
  A snapping turtle skeleton (Crypt:3)
  5 centaurs
  2 big kobolds (D:15)
  2 bullfrogs
  A wyvern zombie (D:13)
  3 wyvern skeletons
  A scorpion (D:11)
  2 wights (Crypt:2)
  2 bullfrog skeletons (D:13)
  A human zombie (Crypt:1)
  7 orc priests
  9 orc wizards
  A worker ant (D:13)
  A naga zombie (Crypt:2)
  A felid zombie (Crypt:3)
  2 naga skeletons
  3 mummies (Crypt:1)
  A howler monkey skeleton (Crypt:2)
  2 adders (D:10)
  A gnoll (D:10)
  2 shadow imps
  A white imp (D:11)
  A worker ant simulacrum (D:11)
  A worm (shapeshifter) (Vaults:3)
  A barachi zombie (Crypt:1)
  34 orcs
  2 giant cockroaches (Elf:1)
  4 kobolds (D:15)
  A ball python skeleton (Crypt:3)
  A frilled lizard zombie (Crypt:1)
  An orc skeleton (Crypt:2)
  51 plants
1128 creatures vanquished.

Vanquished Creatures (others)
  An ogre mage (Vaults:2)
  A yaktaur (Depths:1)
  An air elemental (Elf:3)
  A water elemental (Elf:3)
  A hell hound (D:12)
  4 centaurs (Vaults:2)
  13 fungi
  17 plants
  10 tentacles
49 creatures vanquished.

Grand Total: 2146 creatures vanquished

Notes
Turn   | Place    | Note
-------+----------+-------------------------------------------
     0 | D:1      | theanonym the Deep Elf Ice Elementalist began the quest for the Orb.
     0 | D:1      | Reached XP level 1. HP: 10/10 MP: 6/6
   155 | D:1      | Reached XP level 2. HP: 8/16 MP: 0/8
   838 | D:1      | Reached skill level 1 in Fighting
   988 | D:1      | Reached XP level 3. HP: 20/20 MP: 10/10
  1518 | D:2      | Learned a level 2 spell: Throw Frost
  1522 | D:2      | Learned a level 3 spell: Ozocubu's Armour
  1535 | D:2      | Reached skill level 4 in Spellcasting
  1954 | D:2      | Reached skill level 4 in Ice Magic
  2004 | D:2      | Found an iron altar of Okawaru.
  2029 | D:2      | Reached XP level 4. HP: 19/25 MP: 8/12
  2237 | D:2      | Found a basalt altar of Yredelemnul.
  2359 | D:2      | Noticed Sigmund
  2708 | D:3      | Found an opulent altar of Gozag.
  2711 | D:3      | Found Gozag's Platinum Reserve.
  3170 | D:3      | Found an ancient bone altar of Kikubaaqudgha.
  3178 | D:3      | Became a worshipper of Kikubaaqudgha
  3718 | D:3      | Found a sacrificial altar of Ru.
  4005 | D:4      | Noticed an ogre
  4041 | D:4      | Killed an ogre
  4041 | D:4      | Reached skill level 2 in Fighting
  4041 | D:4      | Reached skill level 5 in Spellcasting
  4041 | D:4      | Reached skill level 1 in Necromancy
  4041 | D:4      | Reached XP level 5. HP: 30/30 MP: 0/14
  4391 | D:4      | Noticed a centaur
  4396 | D:4      | Killed a centaur
  4396 | D:4      | Reached skill level 2 in Necromancy
  4396 | D:4      | Reached XP level 6. HP: 26/36 MP: 12/16
  4487 | D:4      | Reached skill level 5 in Ice Magic
  4695 | D:4      | Reached skill level 3 in Fighting
  4695 | D:4      | Reached XP level 7. HP: 41/41 MP: 12/17
  4830 | D:4      | Reached skill level 6 in Spellcasting
  4897 | D:4      | Reached skill level 6 in Ice Magic
  5373 | D:4      | Reached * piety under Kikubaaqudgha
  5373 | D:4      | Identified Kikubaaqudgha's Papyrus of Stolen Souls {god gift} (Kikubaaqudgha gifted it to you on level 4 of the Dungeon)
  5373 | D:4      | Received a gift from Kikubaaqudgha
  5511 | D:5      | Entered Level 5 of the Dungeon
  5524 | D:5      | Noticed grizmgrazm2's ghost (amateur DECj)
  5736 | D:5      | Reached skill level 1 in Charms
  6274 | D:5      | Killed grizmgrazm2's ghost
  6274 | D:5      | Reached skill level 2 in Conjurations
  6274 | D:5      | Reached skill level 2 in Charms
  6274 | D:5      | Reached skill level 3 in Necromancy
  6274 | D:5      | Reached XP level 8. HP: 39/46 MP: 0/20
  6620 | D:5      | Found a shattered altar of Ashenzari.
  6665 | D:5      | Reached skill level 7 in Spellcasting
  6675 | D:5      | Learned a level 3 spell: Regeneration
  7450 | D:6      | Reached skill level 7 in Ice Magic
  7744 | D:5      | Got a ring of the Octopus King
  8591 | D:6      | Noticed a hand axe
  8592 | D:6      | Noticed a hand axe
  8609 | D:6      | Found a runed door.
  8633 | D:6      | Found a hide-covered altar of Uskayaw.
  8641 | D:6      | Reached skill level 3 in Charms
  8813 | D:6      | Noticed Eustachio
  8842 | D:6      | Killed Eustachio
  9203 | D:6      | Noticed Crazy Yiuf
  9210 | D:6      | Killed Crazy Yiuf
  9210 | D:6      | Reached skill level 3 in Conjurations
  9226 | D:6      | Identified a ring of the Octopus King {rF+ AC+1 EV+1 Str+1 Int+1 Dex+1} (You took it off an orc on level 5 of the Dungeon)
  9349 | D:7      | Reached skill level 4 in Necromancy
  9410 | D:7      | Reached skill level 4 in Fighting
  9410 | D:7      | Reached skill level 8 in Spellcasting
  9466 | D:7      | Reached skill level 4 in Charms
  9865 | D:6      | Reached ** piety under Kikubaaqudgha
 10050 | D:7      | Found a burning altar of Makhleb.
 10078 | D:7      | Learned a level 2 spell: Corpse Rot
 10083 | D:7      | Learned a level 4 spell: Throw Icicle
 10086 | D:7      | Learned a level 2 spell: Sublimation of Blood
 10115 | D:7      | Noticed Pikel
 10152 | D:7      | Reached XP level 9. HP: 52/52 MP: 17/23
 10216 | D:7      | Found an ancient bone altar of Kikubaaqudgha.
 10240 | D:7      | Reached skill level 8 in Ice Magic
 10525 | D:7      | Found a staircase to the Ecumenical Temple.
 10545 | Temple   | Entered the Ecumenical Temple
 11028 | D:7      | Reached skill level 4 in Conjurations
 11529 | D:7      | Killed Pikel
 11529 | D:7      | Reached skill level 9 in Spellcasting
 11529 | D:7      | Reached skill level 5 in Charms
 12189 | D:8      | Reached skill level 5 in Necromancy
 12346 | D:8      | Found a glowing golden altar of the Shining One.
 12389 | D:8      | Reached skill level 5 in Conjurations
 12559 | D:8      | Noticed Joseph
 12589 | D:8      | Killed Joseph
 12589 | D:8      | Reached skill level 9 in Ice Magic
 13446 | D:9      | Noticed a troll
 13458 | D:9      | Killed a troll
 13458 | D:9      | Reached XP level 10. HP: 15/58 MP: 12/25
 13690 | D:9      | You fall through a shaft for 2 floors!
 13712 | D:11     | Learned a level 4 spell: Control Undead
 13719 | D:11     | Noticed a gargoyle
 13756 | D:12     | Reached *** piety under Kikubaaqudgha
 13756 | D:12     | Identified Kikubaaqudgha's Almanac of Unholy Rituals {god gift} (Kikubaaqudgha gifted it to you on level 12 of the Dungeon)
 13756 | D:12     | Received a gift from Kikubaaqudgha
 14152 | D:11     | Reached skill level 10 in Spellcasting
 14220 | D:11     | Killed a gargoyle
 14220 | D:11     | Reached skill level 6 in Conjurations
 14227 | D:11     | Learned a level 5 spell: Dispel Undead
 14277 | D:11     | Noticed a two-headed ogre
 14282 | D:11     | Killed a two-headed ogre
 14282 | D:11     | Reached skill level 5 in Fighting
 14412 | D:10     | Entered Level 10 of the Dungeon
 14554 | D:10     | Noticed Gastronok
 14695 | D:10     | Reached skill level 6 in Necromancy
 14815 | D:10     | Found a staircase to the Lair.
 14868 | D:10     | Identified Sif Muna's Tome of Gliding Attacks
 15029 | D:10     | Noticed a two-headed ogre
 15045 | D:10     | Killed a two-headed ogre
 15123 | D:9      | Noticed a two-headed ogre
 15270 | D:10     | Killed Gastronok
 15270 | D:10     | Reached skill level 7 in Conjurations
 15270 | D:10     | Reached skill level 6 in Charms
 15270 | D:10     | Reached skill level 7 in Necromancy
 15270 | D:10     | Reached XP level 11. HP: 64/64 MP: 1/27
 15414 | D:10     | Reached skill level 10 in Ice Magic
 15576 | D:10     | Noticed Fannar
 15665 | D:10     | Reached skill level 11 in Spellcasting
 15984 | D:9      | Reached **** piety under Kikubaaqudgha
 15999 | D:9      | Learned a level 5 spell: Bolt of Draining
 16365 | D:9      | Killed a two-headed ogre
 16528 | D:9      | Reached skill level 8 in Necromancy
 16638 | D:9      | Found an ornate altar of the Wu Jian Council.
 17007 | D:10     | Reached skill level 7 in Charms
 17165 | D:11     | Reached skill level 6 in Fighting
 17644 | D:11     | Reached skill level 8 in Conjurations
 18251 | D:12     | Noticed a two-headed ogre
 18254 | D:12     | Noticed a two-headed ogre
 18255 | D:12     | Noticed an ogre mage
 18332 | D:12     | Found a staircase to the Orcish Mines.
 18503 | D:12     | Noticed a two-headed ogre
 18511 | D:11     | Killed a two-headed ogre
 19014 | D:12     | Noticed Azrael
 19343 | D:12     | Killed a two-headed ogre
 19343 | D:12     | Reached skill level 8 in Charms
 19349 | D:12     | Reached skill level 9 in Conjurations
 19891 | D:12     | Killed an ogre mage
 19891 | D:12     | Reached skill level 9 in Necromancy
 19891 | D:12     | Reached XP level 12. HP: 71/71 MP: 10/29
 19916 | D:12     | Killed a two-headed ogre
 20106 | D:12     | Reached skill level 12 in Spellcasting
 20253 | D:12     | Killed Azrael
 20253 | D:12     | Reached ***** piety under Kikubaaqudgha
 20692 | D:12     | Reached skill level 11 in Ice Magic
 20741 | D:12     | Reached skill level 9 in Charms
 21134 | D:12     | Noticed a seven-headed hydra
 21139 | D:12     | Noticed a two-headed ogre
 21174 | D:12     | Killed a seven-headed hydra
 21315 | D:12     | Noticed an ogre mage
 21318 | D:12     | Killed an ogre mage
 21321 | D:12     | Noticed an ettin
 21609 | D:12     | Killed an ettin
 21609 | D:12     | Reached skill level 7 in Fighting
 21609 | D:12     | Reached skill level 10 in Conjurations
 21716 | D:12     | Noticed a two-headed ogre
 21717 | D:12     | Killed a two-headed ogre
 21821 | D:12     | Noticed a two-headed ogre
 21823 | D:12     | Noticed a death knight
 21823 | D:12     | Noticed a cyan very ugly thing
 21829 | D:12     | Noticed a death knight
 22144 | Lair:1   | Entered Level 1 of the Lair of Beasts
 22605 | Lair:1   | Reached skill level 10 in Charms
 22605 | Lair:1   | Reached skill level 10 in Necromancy
 23415 | Lair:1   | Found a snail-covered altar of Cheibriados.
 24039 | Lair:2   | Reached XP level 13. HP: 69/76 MP: 19/31
 24662 | Lair:2   | Found a staircase to the Snake Pit.
 25229 | Lair:2   | Reached skill level 13 in Spellcasting
 25391 | Lair:3   | Found a labyrinth entrance.
 25400 | Lab      | Entered a labyrinth
 27588 | Lab      | Noticed a minotaur
 27593 | Lab      | Killed a minotaur
 27602 | Lab      | Identified the Papyrus of Floating Contamination
 27939 | Lair:3   | Reached skill level 11 in Conjurations
 28068 | Lair:3   | Reached skill level 11 in Necromancy
 28499 | Lair:3   | Learned a level 2 spell: Swiftness
 28564 | Lair:3   | Reached skill level 1 in Shields
 28683 | Lair:3   | Reached skill level 2 in Shields
 28738 | Lair:3   | Reached skill level 8 in Fighting
 28930 | Lair:3   | Got a scorched dagger
 28931 | Lair:3   | Identified the +3 dagger of Otirat {venom, rPois MR+} (You found it on level 3 of the Lair of Beasts)
 29078 | Lair:4   | Reached skill level 3 in Shields
 29484 | Lair:4   | Reached skill level 4 in Shields
 29763 | Lair:4   | Found a staircase to the Shoals.
 30212 | Lair:4   | Reached skill level 9 in Fighting
 30872 | Lair:5   | Noticed Rupert
 31150 | Lair:5   | Found a staircase to the Slime Pits.
 31185 | Lair:5   | Learned a level 5 spell: Agony
 31948 | Lair:5   | Killed Rupert
 31948 | Lair:5   | Reached skill level 12 in Ice Magic
 32018 | Lair:5   | Reached XP level 14. HP: 69/86 MP: 21/33
 32507 | Lair:6   | Entered Level 6 of the Lair of Beasts
 33556 | Lair:6   | Reached ****** piety under Kikubaaqudgha
 34161 | Lair:6   | Found a large runed door.
 34164 | Lair:6   | Found a large runed door.
 34518 | Lair:6   | Reached skill level 14 in Spellcasting
 34645 | Lair:6   | Received a gift from Kikubaaqudgha
 35057 | D:12     | Reached skill level 12 in Necromancy
 35085 | D:11     | Killed a cyan very ugly thing
 35464 | D:2      | Killed Sigmund
 35588 | D:2      | Noticed Robin
 35615 | D:2      | Killed Robin
 35805 | D:2      | Found a shimmering altar of Xom.
 35805 | D:2      | Found a shadowy altar of Dithmenos.
 36235 | D:10     | Killed Fannar
 36432 | D:12     | Noticed Harold
 36438 | D:12     | Killed Harold
 36438 | D:12     | Reached skill level 12 in Conjurations
 36802 | D:12     | Noticed a frost giant
 37213 | D:12     | Got a dazzling falchion {speed}
 37214 | D:12     | Identified the +9 falchion of Moral Flaws {speed, Str+3} (You took it off a crimson imp on level 12 of the Dungeon)
 37308 | D:12     | Killed a frost giant
 37308 | D:12     | Reached skill level 10 in Fighting
 37396 | Orc:1    | Entered Level 1 of the Orcish Mines
 38452 | Orc:2    | Entered Level 2 of the Orcish Mines
 38799 | Orc:2    | Found a dark tunnel.
 38807 | Volcano  | Entered a volcano
 38930 | Volcano  | Reached skill level 13 in Necromancy
 39036 | Volcano  | Reached skill level 13 in Ice Magic
 39096 | Volcano  | Reached XP level 15. HP: 80/92 MP: 7/35
 39153 | Volcano  | Found a radiant altar of Vehumet.
 39170 | Volcano  | Found a radiant altar of Vehumet.
 39916 | Orc:2    | theanonym: !lg
 39916 | Orc:2    | beem: 51. theanonym the Earth Mage (L15 GrEE of Vehumet), killed by a reflected iron shot on Swamp:2 on 2017-10-17 18:13:18, with 76034 points after 38219 turns and 2:34:42.
 39916 | Orc:2    | theanonym: !lg * s=god
 39916 | Orc:2    | beem: 7920633 games for *: 4944808x, 676312x Trog, 370693x Okawaru, 285278x Lugonu, 199646x Vehumet, 187095x Xom, 153948x Makhleb, 132965x Sif Muna, 114867x Cheibriados, 93718x Ashenzari, 83394x The Shining One, 82959x Yredelemnul, 70231x Kikubaaqudgha, 67403x Nemelex Xobeh, 60507x Dithmenos, 56679x Beogh, 55634x Gozag, 55396x Qazlal, 49388x Elyvilon, 43983x Ru, 34967x Zin, 24666x Fedhas, 22271x Uskay...
 39916 | Orc:2    | theanonym: !lg * win s=god
 39916 | Orc:2    | beem: 62056 games for * (win): 7733x Okawaru, 7590x Trog, 5304x The Shining One, 5139x Vehumet, 4687x Makhleb, 3416x Cheibriados, 3372x Ashenzari, 2319x Sif Muna, 2025x Gozag, 1916x Zin, 1675x Kikubaaqudgha, 1621x Ru, 1618x Lugonu, 1551x Dithmenos, 1522x, 1494x Qazlal, 1258x Xom, 1252x Nemelex Xobeh, 1167x Yredelemnul, 1063x Jiyva, 845x Beogh, 740x Elyvilon, 689x Fedhas, 675x Uskayaw, 628x Hepliaklqan...
 39916 | Orc:2    | theanonym: !lg . win s=god
 39916 | Orc:2    | beem: 4 games for theanonym (win): 2x Trog, Vehumet, The Shining One
 39916 | Orc:2    | theanonym: !lg . win rune>=3 s=god
 39916 | Orc:2    | beem: Unknown field: rune
 39916 | Orc:2    | theanonym: !lg . win urune>=3 s=god
 39916 | Orc:2    | beem: 4 games for theanonym (win urune>=3): 2x Trog, Vehumet, The Shining One
 39916 | Orc:2    | theanonym: !lg . win urune>=5 s=god
 39916 | Orc:2    | beem: One game for theanonym (win urune>=5): The Shining One
 39916 | Orc:2    | theanonym: !lg * win urune=3 s=god
 39916 | Orc:2    | beem: 29777 games for * (win urune=3): 5462x Trog, 5092x Okawaru, 2104x Makhleb, 1767x Vehumet, 1580x Ashenzari, 1280x Cheibriados, 979x Gozag, 860x Yredelemnul, 856x Sif Muna, 852x Dithmenos, 837x Ru, 794x Lugonu, 777x Qazlal, 758x Kikubaaqudgha, 737x, 669x Xom, 662x Nemelex Xobeh, 535x Beogh, 489x Elyvilon, 486x The Shining One, 484x Fedhas, 380x Zin, 347x Hepliaklqana, 334x Jiyva, 263x Uskayaw, 246...
 39916 | Orc:2    | theanonym: !lg * win urune=15 s=god
 39916 | Orc:2    | beem: 14648 games for * (win urune=15): 3535x The Shining One, 1664x Vehumet, 1285x Makhleb, 1268x Cheibriados, 1085x Zin, 816x Ashenzari, 752x Sif Muna, 533x Okawaru, 456x Gozag, 364x Kikubaaqudgha, 341x Ru, 297x, 273x Xom, 273x Trog, 256x Qazlal, 253x Dithmenos, 199x Uskayaw, 199x Lugonu, 173x Jiyva, 165x Nemelex Xobeh, 104x Hepliaklqana, 83x Elyvilon, 83x Beogh, 61x Pakellas, 51x Fedhas, 42x Wu Jia...
 39916 | Orc:2    | theanonym: !lg * win urune=14 s=god
 39916 | Orc:2    | beem: 427 games for * (win urune=14): 124x The Shining One, 54x Makhleb, 36x Zin, 31x Vehumet, 24x Sif Muna, 23x Ashenzari, 17x Okawaru, 14x Trog, 13x, 12x Cheibriados, 12x Ru, 11x Kikubaaqudgha, 11x Lugonu, 9x Dithmenos, 8x Xom, 7x Jiyva, 6x Nemelex Xobeh, 4x Gozag, 3x Pakellas, 3x Elyvilon, 3x Uskayaw, Qazlal, Fedhas
 39916 | Orc:2    | Upgraded the game from 0.21-a0-380-gd65dc97 to 0.21-a0-394-gdc75ea7
 40708 | Orc:2    | Found a staircase to the Elven Halls.
 41056 | Orc:2    | Found Jucie's General Store.
 41058 | Orc:2    | Found Avestiem's Magic Scroll Shop.
 41485 | Orc:2    | Bought a scroll of blinking for 105 gold pieces
 41485 | Orc:2    | Bought a potion of heal wounds for 70 gold pieces
 41487 | Orc:2    | Bought 3 scrolls of teleportation for 90 gold pieces
 41487 | Orc:2    | Bought a scroll of fog for 20 gold pieces
 41487 | Orc:2    | Bought a scroll of magic mapping for 35 gold pieces
 41487 | Orc:2    | Bought a scroll of teleportation for 30 gold pieces
 41487 | Orc:2    | Bought a scroll of teleportation for 30 gold pieces
 42125 | Orc:2    | Reached skill level 15 in Spellcasting
 42308 | Orc:2    | Reached skill level 14 in Necromancy
 42453 | Orc:2    | Found Mussi's Antique Weapon Emporium.
 42453 | Orc:2    | Found Esuybam's Gadget Shoppe.
 42453 | Orc:2    | Found a one-way gate leading to the halls of Pandemonium.
 42586 | Orc:1    | DEFE: а чому дип эльф?
 42616 | Orc:2    | theanonym: Магия круто качается
 42616 | Orc:2    | DEFE: Это да
 42616 | Orc:2    | DEFE: но зачем тогда кику?
 42616 | Orc:2    | DEFE: брал бы веха
 42616 | Orc:2    | theanonym: А некр?
 42616 | Orc:2    | DEFE: а что некр?
 42616 | Orc:2    | theanonym: В этот раз мне дали урон но не дали ни одного саммона
 42616 | Orc:2    | DEFE: так и не нужны
 42616 | Orc:2    | DEFE: у тебя же ДЕ
 42616 | Orc:2    | DEFE: качай конжуры
 42616 | Orc:2    | theanonym: Я про некромантию
 42616 | Orc:2    | DEFE: так нинуэна
 42616 | Orc:2    | theanonym: Симулякры например
 42616 | Orc:2    | DEFE: болт дрейна, диспел, нинужномут и реген
 42616 | Orc:2    | DEFE: остальное нинужно
 42630 | Elf:1    | Entered Level 1 of the Elven Halls
 42631 | Elf:1    | DEFE: хо-хо
 42640 | Orc:2    | DEFE: ты зря сюда полез
 42640 | Orc:2    | theanonym: Мр много
 42640 | Orc:2    | DEFE: только что потрял лабу
 42640 | Orc:2    | DEFE: и соли
 42662 | Elf:1    | theanonym: Может получится
 42729 | Elf:1    | DEFE: да забей тебя там убьют
 42737 | Orc:2    | DEFE: лабу жалко конечно
 42737 | Orc:2    | theanonym: Как там у змей
 42737 | Orc:2    | DEFE: там крутой дроп может быть
 42737 | Orc:2    | DEFE: как и в солях
 42737 | Orc:2    | DEFE: если рПойз есть
 42737 | Orc:2    | DEFE: а дМиссл завезли?
 42737 | Orc:2    | theanonym: Нет
 42737 | Orc:2    | DEFE: плохо
 42737 | Orc:2    | theanonym: Амулет рефлекта есть
 42737 | Orc:2    | DEFE: тогда змеи
 42737 | Orc:2    | DEFE: а или р пойза нет
 42790 | D:11     | theanonym: Есть на ноже
 42790 | D:11     | DEFE: ну норм
 42900 | Lair:2   | DEFE: прочекай
 42900 | Lair:2   | DEFE: броню
 42902 | Lair:2   | DEFE: брандовую
 42902 | Lair:2   | DEFE: brand && armo
 42902 | Lair:2   | DEFE: а плащ
 42902 | Lair:2   | DEFE: у тебя
 42902 | Lair:2   | DEFE: с рПойзом
 42902 | Lair:2   | theanonym: Да тоже
 42902 | Lair:2   | theanonym: rf+ rc+ бы броню
 42904 | Snake:1  | Entered Level 1 of the Snake Pit
 43034 | Snake:1  | theanonym: Можно посох на ману взять если тут mr+ не нужен
 43583 | Snake:1  | DEFE: да MR тут пару плюсов хватит
 43584 | Snake:1  | DEFE: амулет на ману лучше
 43586 | Snake:1  | DEFE: сделай дамп
 43586 | Snake:1  | DEFE: #
 43586 | Snake:1  | theanonym: Надо купить посох а то без веха вообще маны нет
 43742 | Orc:2    | DEFE: а ты же без веха
 43742 | Orc:2    | Bought an uncursed staff of power for 350 gold pieces
 43742 | Orc:2    | DEFE: АКВАР
 43743 | Orc:2    | DEFE: лол
 43743 | Orc:2    | DEFE: че не купил
 43743 | Orc:2    | theanonym: Смысл?
 43743 | Orc:2    | Bought a scroll of acquirement for 728 gold pieces
 43743 | Orc:2    | DEFE: броня или ювелирка
 43743 | Orc:2    | DEFE: что там плохое
 43743 | Orc:2    | theanonym: Броню возможно надеть не смогу
 43744 | Orc:2    | Got a twitching jade amulet
 43746 | Orc:2    | Identified the amulet "Leusmin" {+Rage rElec MR+} (You acquired it on level 2 of the Orcish Mines)
 43747 | Orc:2    | DEFE: можно переодевать
 43747 | Orc:2    | theanonym: Relec пригодится
 43747 | Orc:2    | DEFE: на электроврагах
 44093 | Snake:1  | theanonym: Вот аое не хватает
 44095 | Snake:1  | Reached skill level 13 in Conjurations
 44276 | Snake:1  | DEFE: фаерболл бы
 44276 | Snake:1  | DEFE: лол
 44371 | Snake:1  | DEFE: ОКазуалеле электрозмей
 44379 | Snake:1  | DEFE: раньше они еще током били
 44380 | Snake:1  | DEFE: если их ударить
 44383 | Snake:1  | DEFE: даже издалека
 44476 | Snake:1  | DEFE: а сколько нужно
 44476 | Snake:1  | DEFE: на жуков
 44476 | Snake:1  | DEFE: вот кстати
 44476 | Snake:1  | DEFE: все выключай
 44476 | Snake:1  | DEFE: качай некрц
 44476 | Snake:1  | theanonym: Вообще давно пора
 44476 | Snake:1  | theanonym: Книги холода не завозят
 44476 | Snake:1  | DEFE: файтинг тоже нинужен
 44476 | Snake:1  | DEFE: виз кольца нет?
 44476 | Snake:1  | DEFE: или палки?
 44477 | Snake:1  | theanonym: Всё есть но всё равно рано
 44512 | Snake:1  | DEFE: я за ДЕ играл некром как-то
 44515 | Snake:1  | DEFE: инфестейшен был как раз к нагам
 44524 | Snake:1  | theanonym: Я всё сразу качал а не только некру просто
 45070 | Snake:1  | theanonym: С визардом 19%
 45070 | Snake:1  | DEFE: ну почти
 45114 | Snake:1  | DEFE: у тебя 100% защита от мискаста
 45114 | Snake:1  | DEFE: кстати
 45114 | Snake:1  | DEFE: так что уже можно
 45114 | Snake:1  | theanonym: Жуки сильные вообще?
 45114 | Snake:1  | DEFE: ??scarab
 45114 | Snake:1  | beem: death scarab[1/1]: Undead Tomb pack monster seen throughout the branch. Fast, batty, and has a vampiric bite that also drains speed.
 45123 | Snake:1  | Learned a level 8 spell: Infestation
 45123 | Snake:1  | DEFE: очень
 45144 | Snake:2  | Reached skill level 15 in Necromancy
 45156 | Snake:2  | theanonym: Норм
 45156 | Snake:2  | theanonym: Но без аое сложно триггерить их
 45197 | Snake:1  | DEFE: qHW
 45197 | Snake:1  | DEFE: rBlink
 45197 | Snake:1  | DEFE: а можно сразу
 45197 | Snake:1  | DEFE: блинк
 45197 | Snake:1  | DEFE: и наверх
 45197 | Snake:1  | theanonym: Жалко
 45197 | Snake:1  | DEFE: жалко умирать будкт
 45197 | Snake:1  | DEFE: ща свифт упадет
 45199 | Lair:2   | theanonym: Можно купить кольцо визард
 45199 | Lair:2   | DEFE: будет 1.5 шаг
 45199 | Lair:2   | DEFE: а нинужно
 45199 | Lair:2   | theanonym: И оставить посох на ману
 45200 | Lair:2   | DEFE: а тогда нужно
 45351 | Orc:2    | theanonym: Так и не выпало само
 45351 | Orc:2    | Bought an uncursed ring of wizardry for 420 gold pieces
 45772 | Snake:2  | Reached skill level 11 in Fighting
 45895 | Snake:2  | DEFE: ты подкастовывай инфест
 45900 | Snake:2  | DEFE: что бы жуков все большк было
 46349 | Snake:2  | theanonym: Дет чанел бы ещё
 46387 | Snake:3  | Reached XP level 16. HP: 100/100 MP: 23/37
 46708 | Snake:3  | Got a faintly glowing amethyst amulet
 46709 | Snake:3  | Identified the amulet "Faisub" {Inacc rN++} (You found it on level 3 of the Snake Pit)
 46903 | Snake:3  | Noticed Kirke
 46915 | Snake:3  | Killed Kirke
 46915 | Snake:3  | Reached skill level 16 in Necromancy
 47317 | Snake:4  | Entered Level 4 of the Snake Pit
 47594 | Snake:4  | theanonym: Дверь стоит брать?
 47603 | Snake:4  | Reached skill level 17 in Necromancy
 47658 | Snake:4  | theanonym: Дверь смерти
 47658 | Snake:4  | theanonym: У жуков скорость мощная, только даю команду атаковать и на следующий тик они уже окружили цель
 47697 | Snake:4  | Noticed Mara
 47702 | Snake:4  | Killed Mara
 47703 | Snake:4  | theanonym: Разорвали мару
 47791 | Snake:4  | Reached skill level 18 in Necromancy
 47798 | Snake:4  | Noticed Aizul
 47804 | Snake:4  | Killed Aizul
 47846 | Snake:4  | DEFE: ну
 47851 | Snake:4  | DEFE: я люблю дверь
 47853 | Snake:4  | DEFE: но тебе наверное лучше некромут
 47862 | Snake:4  | theanonym: Трансмут не нужно качать же?
 47862 | Snake:4  | DEFE: нужно
 47862 | Snake:4  | DEFE: уровней 10
 47877 | Snake:4  | Got a serpentine rune of Zot
 48897 | D:13     | Noticed Maurice
 48900 | D:13     | Killed Maurice
 48915 | D:13     | Reached skill level 19 in Necromancy
 48932 | D:13     | Noticed Erolcha
 48935 | D:13     | Killed Erolcha
 48944 | D:13     | Found Ziaqoh's Assorted Antiques.
 48962 | D:13     | Noticed Frances
 48967 | D:13     | Killed Frances
 49578 | D:14     | Noticed Josephine
 49581 | D:14     | Killed Josephine
 49599 | D:14     | Reached XP level 17. HP: 49/104 MP: 22/38
 49635 | D:14     | DEFE: забанил скарабея?
 49659 | D:14     | Found a gate to the Vaults.
 49762 | D:14     | Noticed Roxanne
 49775 | D:14     | DEFE: да прикажи жукам
 49777 | D:14     | DEFE: убить ее
 49779 | D:14     | DEFE: у нее книга хорошая
 49784 | D:14     | Killed Roxanne
 49791 | D:14     | Identified Roxanne's Grimoire of the Rocks (You took it off Roxanne on level 14 of the Dungeon)
 49793 | D:14     | DEFE: айрон шот!
 50679 | D:15     | Entered Level 15 of the Dungeon
 50865 | D:15     | p0werm0de: https://www.youtube.com/watch?v=GQbJf_4VB7c
 50865 | D:15     | p0werm0de: SUP
 50879 | D:15     | p0werm0de: and btw. there is no hiding ANANYM
 51058 | D:15     | Reached skill level 16 in Spellcasting
 51346 | D:15     | Found a staircase to the Depths.
 51441 | D:15     | Reached skill level 20 in Necromancy
 51798 | D:15     | DEFE: pm
 51798 | D:15     | DEFE: hello
 51798 | D:15     | p0werm0de: hey
 51798 | D:15     | p0werm0de: theanonym keeps ignoring me
 51798 | D:15     | p0werm0de: is he like russian only
 51798 | D:15     | p0werm0de: :>
 52047 | Lair:4   | DEFE: ye
 52047 | Lair:4   | p0werm0de: dang
 52090 | Shoals:1 | Entered Level 1 of the Shoals
 52091 | Shoals:1 | DEFE: slavs only and forever
 52091 | Shoals:1 | DEFE: lol
 52092 | Shoals:1 | p0werm0de: fkk em
 52094 | Shoals:1 | p0werm0de: youll get nuked by china
 52097 | Shoals:1 | p0werm0de: while i b dead already so dont care
 52100 | Shoals:1 | DEFE: i am ok with this
 52132 | Shoals:1 | p0werm0de: ;D
 52135 | Shoals:1 | DEFE: i like winter
 52139 | Shoals:1 | DEFE: nucklear winter should be fine
 52156 | Shoals:1 | p0werm0de: haha
 52189 | Shoals:1 | p0werm0de: yea and maybe we grow nice body parts
 52189 | Shoals:1 | p0werm0de: lke a 2nd dick
 52189 | Shoals:1 | DEFE: ye!
 52199 | Shoals:1 | p0werm0de: or a vagina next to it
 52205 | Shoals:1 | DEFE: or maybe some brain to now waste all time in stupid crawl
 52218 | Shoals:1 | p0werm0de: ye
 52234 | Shoals:1 | DEFE: and do not nuke each other
 52238 | Shoals:1 | p0werm0de: but i need to chase yermak
 52239 | Shoals:1 | p0werm0de: 2,5 bio score left
 52240 | Shoals:1 | DEFE: lol
 52278 | Shoals:1 | p0werm0de: ye not nukin each other is ok to
 52280 | Shoals:1 | p0werm0de: better battle at crawl
 52283 | Shoals:1 | p0werm0de: germany+poland vs russian clan
 52285 | Shoals:1 | p0werm0de: vs amerikanskis
 52291 | Shoals:1 | DEFE: lol
 52292 | Shoals:1 | p0werm0de: and other freaks
 52293 | Shoals:1 | DEFE: tournament should be soon
 52294 | Shoals:1 | p0werm0de: ye
 52327 | Shoals:1 | p0werm0de: last time only german player on my clan
 52332 | Shoals:1 | p0werm0de: had internet disconnect for 1,5 weeks
 52334 | Shoals:1 | p0werm0de: murphy
 52343 | Shoals:1 | p0werm0de: and i was like rage wtf
 52347 | Shoals:1 | p0werm0de: kick him out already
 52349 | Shoals:1 | p0werm0de: but the others didnt want to
 52350 | Shoals:1 | p0werm0de: so we just 2nd place
 52354 | Shoals:1 | p0werm0de: and i was ashamed about german internet infrastructure
 52383 | Shoals:1 | DEFE: lol
 52404 | Shoals:1 | DEFE: we lost or captain yaer ago
 52414 | Shoals:1 | p0werm0de: ololev
 52414 | Shoals:1 | p0werm0de: ??
 52416 | Shoals:1 | DEFE: so we dont play tournaments sine 0/19
 52417 | Shoals:1 | DEFE: yes
 52462 | Shoals:1 | p0werm0de: ye it was 0.19 tourney
 52462 | Shoals:1 | p0werm0de: i didnt play 0.20 either
 52462 | Shoals:1 | p0werm0de: ololoev nice dude
 52463 | Shoals:1 | DEFE: ye
 52463 | Shoals:1 | DEFE: we get 4th on 0.18 tournamet
 52463 | Shoals:1 | p0werm0de: ah yea there you still beat us!!
 52463 | Shoals:1 | p0werm0de: we were 5th
 52463 | Shoals:1 | DEFE: while we have only 4 players
 52463 | Shoals:1 | DEFE: lol
 52463 | Shoals:1 | p0werm0de: ye wingboner was rly good there
 52463 | Shoals:1 | DEFE: ye
 52463 | Shoals:1 | p0werm0de: i remember
 52472 | Shoals:1 | Learned a level 8 spell: Necromutation
 52472 | Shoals:1 | p0werm0de: streak scores a bit too much imo
 52472 | Shoals:1 | p0werm0de: last tourney it also decided victory manman vs yermak
 52472 | Shoals:1 | p0werm0de: he just had a longer streak
 52472 | Shoals:1 | p0werm0de: and you can be unlucky on that
 52521 | Shoals:1 | DEFE: ye
 52522 | Shoals:1 | DEFE: rules need t obe changed
 52523 | Shoals:1 | p0werm0de: it takes like a week to pull off a long streak
 52525 | Shoals:1 | p0werm0de: so once you failed it chance is gone
 52546 | Shoals:1 | p0werm0de: ye its really bad for casuals too
 52547 | Shoals:1 | DEFE: ye. its all about streak
 52550 | Shoals:1 | p0werm0de: because most players cant even streak a 10 one
 52552 | Shoals:1 | p0werm0de: so they dont stand a chance
 52554 | Shoals:1 | DEFE: i think you chould get fewre and fewer scores after each win in streak
 52554 | Shoals:1 | p0werm0de: i cant either only with luck
 52571 | Shoals:1 | p0werm0de: ye well but its fun if you dont bite too much
 52571 | Shoals:1 | p0werm0de: play tourney relaxed
 52573 | Shoals:1 | p0werm0de: i will next prob
 52756 | Shoals:1 | p0werm0de: in that 0.19 one it was really pressure when i was on my streak
 52758 | Shoals:1 | Reached skill level 1 in Transmutations
 52766 | Shoals:1 | p0werm0de: i dont like
 52768 | Shoals:1 | p0werm0de: ;D
 52843 | Shoals:1 | DEFE: lol
 52844 | Shoals:1 | p0werm0de: but it was also hype
 52850 | Shoals:1 | p0werm0de: 3 players in clan played all day we hang out in chat
 52859 | Shoals:1 | p0werm0de: and climbed spots all the time
 52862 | Shoals:1 | Noticed a kraken
 52870 | Shoals:1 | Killed a kraken
 52948 | Shoals:1 | p0werm0de: and if kuniqs wasnt such a tard
 52961 | Shoals:1 | p0werm0de: who repeats combos all the time
 52961 | Shoals:1 | p0werm0de: :>
 52963 | Shoals:1 | p0werm0de: hed score much better too bcz hes rly good
 53036 | Shoals:1 | p0werm0de: the sites are down btw rite?
 53217 | Shoals:1 | p0werm0de: makes me sad man!!
 53217 | Shoals:1 | p0werm0de: so will you play tourney?
 53217 | Shoals:1 | p0werm0de: http://dobrazupa.org/tournament/0.19/overview.html
 53219 | Shoals:2 | p0werm0de: fkk this
 53221 | Shoals:2 | p0werm0de: all my life achievements
 53222 | Shoals:2 | Reached skill level 2 in Transmutations
 53251 | Shoals:2 | p0werm0de: ;D
 53251 | Shoals:2 | DEFE: lol
 53252 | Shoals:2 | DEFE: i cant open this
 53252 | Shoals:2 | DEFE: connection time out
 53274 | Shoals:2 | p0werm0de: ye
 53274 | Shoals:2 | p0werm0de: the site is down
 53274 | Shoals:2 | p0werm0de: which hosts all tournament data
 53275 | Shoals:2 | DEFE: well im not sure
 53277 | Shoals:2 | DEFE: weill i play next time
 53287 | Shoals:2 | DEFE: its fun enought to get bannet for orb-run-tomb
 53290 | Shoals:2 | DEFE: ot play for nemelex-choice
 53290 | Shoals:2 | p0werm0de: ye
 53294 | Shoals:2 | DEFE: but its boring to play for streak-scores
 53308 | Shoals:2 | DEFE: i should get something like MiFi again and again
 53312 | Shoals:2 | p0werm0de: hiscore is also ok
 53313 | Shoals:2 | p0werm0de: realtime or turncount
 53314 | Shoals:2 | p0werm0de: scores well
 53318 | Shoals:2 | Found a frozen archway.
 53340 | Shoals:2 | DEFE: i just like make banners
 53340 | Shoals:2 | p0werm0de: kk
 53355 | IceCv    | Entered an ice cave
 53357 | IceCv    | DEFE: but all banners are the some for a years
 53378 | IceCv    | p0werm0de: damn the sun is on my monitor
 53378 | IceCv    | p0werm0de: cant play like this
 53638 | Shoals:2 | Reached skill level 3 in Transmutations
 53793 | Shoals:2 | Reached skill level 4 in Transmutations
 54156 | Shoals:2 | theanonym: Я проебал уже 3 бранча
 54506 | Shoals:3 | Noticed a kraken
 55063 | Shoals:3 | theanonym: rn + rc частая комбинация, фаербола не хватает
 55063 | Shoals:3 | DEFE: да ладно
 55063 | Shoals:3 | DEFE: инфест норм тебе зачистит все
 55063 | Shoals:3 | theanonym: А айрон шот что?
 55063 | Shoals:3 | theanonym: Землю качать?
 55131 | Shoals:3 | DEFE: конечно
 55133 | Shoals:3 | DEFE: тебе в любом случае надо будет переходить на что-то
 55136 | Shoals:3 | DEFE: щемли наиболле очевидный выбор
 55139 | Shoals:3 | DEFE: заемля*
 55140 | Shoals:3 | DEFE: торнадо всеравно не покрутишь с жуками
 55140 | Shoals:3 | DEFE: а шторм или глац не найдешь
 55140 | Shoals:3 | theanonym: Лич почти есть
 55226 | Shoals:3 | DEFE: хорошо
 55235 | Shoals:3 | DEFE: не то что бы он сейчас особо нужен был
 55235 | Shoals:3 | DEFE: но неплохо
 55237 | Shoals:3 | DEFE: он дефенсов много дает
 55306 | Shoals:3 | Reached skill level 5 in Transmutations
 55491 | Shoals:3 | Killed a kraken
 56401 | Vaults:1 | Entered Level 1 of the Vaults
 56468 | Vaults:1 | Reached skill level 6 in Transmutations
 56505 | Vaults:1 | Reached skill level 17 in Spellcasting
 56632 | Vaults:1 | Noticed Donald
 56634 | Vaults:1 | Killed Donald
 56634 | Vaults:1 | Reached skill level 7 in Transmutations
 56659 | Vaults:1 | Reached XP level 18. HP: 111/111 MP: 41/41
 56720 | Vaults:1 | Found Maucoist's General Store.
 56729 | Vaults:1 | Bought a potion of heal wounds for 50 gold pieces
 56950 | Vaults:1 | Reached skill level 8 in Transmutations
 57757 | Vaults:1 | theanonym: ??lichform
 57757 | Vaults:1 | beem: necromutation[1/2]: Level 8. Induces lichform: draining-brand unarmed, +6 AC, +40 MR, rC+, necromancy enhancer, and undead for all game purposes (NO POTIONS, rN+++, rPois, mutation immunity, torment immunity, no transformations, no berserk, dispel undead vulnerability, no regen spell or ddoor or borg or bloodsub).
 57757 | Vaults:1 | theanonym: ??lichform[2
 57757 | Vaults:1 | beem: necromutation[2/2]: Contrary to popular belief, not required (or necessarily even advisable) for a "caster" even if you are planning to all-rune.
 57757 | Vaults:1 | DEFE: НИНУЖНОМУТ
 57757 | Vaults:1 | theanonym: Давал бы мр ещё
 57906 | Vaults:1 | theanonym: От чего толка нет это кику
 57906 | Vaults:1 | theanonym: Не нашёл ни одного воскрешения трупов
 57906 | Vaults:1 | theanonym: Даже не пользовался ни разу
 57906 | Vaults:1 | theanonym: А от тормента лич защищает
 57906 | Vaults:1 | theanonym: Может на веха поменять
 57906 | Vaults:1 | theanonym: Опять еле живой персонаж
 58152 | Vaults:2 | Found a flickering gateway to a bazaar.
 58167 | Bazaar   | Entered a bazaar
 58167 | Bazaar   | Found Jibausus's Magic Scroll Boutique.
 58412 | Bazaar   | Bought a scroll of blinking for 82 gold pieces
 58415 | Bazaar   | Found Axkyl's General Store.
 58426 | Bazaar   | Found Xiarau's Jewellery Shop.
 58434 | Bazaar   | Found Guece Deg's Antique Armour Shop.
 58442 | Bazaar   | Bought a pair of glowing boots for 180 gold pieces
 58452 | Bazaar   | Identified a +0 pair of boots of running (You bought it in a shop in a bazaar)
 58456 | Bazaar   | Found Cafuox's Antique Weapon Emporium.
 58498 | Bazaar   | Bought the amulet of Vitality {Regen+ HP+15} for 948 gold pieces
 58498 | Bazaar   | Found the amulet of Vitality {Regen+ HP+15}
 58602 | Vaults:2 | Reached skill level 9 in Transmutations
 58621 | Vaults:2 | Reached skill level 21 in Necromancy
 58669 | Vaults:2 | DEFE: так он дает MR
 58673 | Vaults:2 | DEFE: еще
 58676 | Vaults:2 | theanonym: Один + всего
 58682 | Vaults:2 | DEFE: лучше чем ничего
 58682 | Vaults:2 | DEFE: всегда ходи под некромутом
 58693 | Vaults:2 | DEFE: если только в противниках нет холи-монстров
 58761 | Vaults:2 | DEFE: под некромутом ты кстати не тратишь еголод
 58763 | Vaults:2 | DEFE: на касты
 58772 | Vaults:2 | DEFE: ну у тебя айроншот есть же
 58772 | Vaults:2 | DEFE: что еще завезли
 58772 | Vaults:2 | DEFE: давай посмотрим
 58772 | Vaults:2 | theanonym: Ничего
 58772 | Vaults:2 | DEFE: ниччего
 58772 | Vaults:2 | DEFE: лол
 58772 | Vaults:2 | DEFE: ну пока не вечер
 58772 | Vaults:2 | theanonym: Один дет чанел усилил бы меня в два раза
 58772 | Vaults:2 | DEFE: это только вольтсы
 58772 | Vaults:2 | DEFE: да ты все зачистишь
 58772 | Vaults:2 | DEFE: жуками
 58772 | Vaults:2 | DEFE: аж до депсов
 58772 | Vaults:2 | theanonym: Или симулякры
 58772 | Vaults:2 | DEFE: а том можно будет посмотреть
 58772 | Vaults:2 | theanonym: Некр и холод высокие
 58847 | Vaults:2 | DEFE: тебе бы шаттер найти
 58848 | Vaults:2 | DEFE: 21 некры
 58848 | Vaults:2 | DEFE: лол
 58848 | Vaults:2 | theanonym: Я же холод качал, может холодную девятку лучше?
 58848 | Vaults:2 | DEFE: выключи пока
 58848 | Vaults:2 | DEFE: ледяную девятку ты не найжешь
 58848 | Vaults:2 | DEFE: она очень редкая
 58848 | Vaults:2 | DEFE: в отличии от шаттера
 58848 | Vaults:2 | theanonym: Мда
 58848 | Vaults:2 | theanonym: Шаттер нашёл уже
 58848 | Vaults:2 | DEFE: а
 58848 | Vaults:2 | DEFE: ну так отлично
 58848 | Vaults:2 | theanonym: Смысл тогда холод вкачивать было
 58848 | Vaults:2 | DEFE: не знаю
 58848 | Vaults:2 | DEFE: учи шот
 58848 | Vaults:2 | DEFE: включай землю
 58848 | Vaults:2 | theanonym: Надо 3 уровня освободить
 58848 | Vaults:2 | DEFE: ну фриз точно
 58848 | Vaults:2 | DEFE: агонию
 58848 | Vaults:2 | DEFE: тоже
 58881 | Vaults:2 | DEFE: можно сослуьку уже выкинуть
 59010 | D:14     | Learned a level 6 spell: Iron Shot
 59010 | D:14     | DEFE: я-то думал ты давно выцчил шот
 59010 | D:14     | DEFE: он же крутой
 59010 | D:14     | DEFE: полезен любому магу
 59104 | Vaults:2 | theanonym: Амулет
 59104 | Vaults:2 | theanonym: Под личом работает же?
 59104 | Vaults:2 | theanonym: Реген
 59109 | Vaults:2 | Reached skill level 1 in Earth Magic
 59151 | Vaults:2 | Reached skill level 2 in Earth Magic
 59168 | Vaults:2 | DEFE: да
 59169 | Vaults:2 | theanonym: Амулет мощный нашёл
 59169 | Vaults:2 | theanonym: Но придётся реген маны убирать
 59170 | Vaults:2 | DEFE: а что за амуль?
 59174 | Vaults:2 | DEFE: а
 59174 | Vaults:2 | theanonym: Реген и +15 хп
 59174 | Vaults:2 | DEFE: крутой да
 59174 | Vaults:2 | DEFE: ну смотри
 59174 | Vaults:2 | DEFE: если маны хватает то реген
 59174 | Vaults:2 | DEFE: если нет, то манк
 59174 | Vaults:2 | theanonym: Всего не хватает
 59301 | Vaults:2 | Reached skill level 3 in Earth Magic
 59586 | Vaults:2 | Reached skill level 10 in Transmutations
 59601 | Vaults:2 | Reached skill level 4 in Earth Magic
 59904 | Vaults:2 | Reached skill level 5 in Earth Magic
 60560 | Vaults:2 | Reached skill level 18 in Spellcasting
 60560 | Vaults:2 | Reached skill level 6 in Earth Magic
 60851 | Vaults:3 | DEFE: а зачем ты подбираешь ччанки
 60862 | Vaults:3 | DEFE: несъедобнвые?
 60870 | Vaults:3 | theanonym: Заебали стрелы
 60870 | Vaults:3 | DEFE: дМиссл
 60870 | Vaults:3 | DEFE: а вообще EV-13
 60870 | Vaults:3 | DEFE: как-то мало
 60870 | Vaults:3 | DEFE: для ДЕ
 60870 | Vaults:3 | DEFE: а лол
 60870 | Vaults:3 | DEFE: додж не каченный
 60870 | Vaults:3 | theanonym: Как они через жуков-то бьют
 60870 | Vaults:3 | DEFE: меткие
 60870 | Vaults:3 | theanonym: Зато щиты прокачал
 60870 | Vaults:3 | DEFE: лол
 60870 | Vaults:3 | DEFE: ну как бы
 60870 | Vaults:3 | DEFE: беги
 60870 | Vaults:3 | DEFE: ранинг боты
 60870 | Vaults:3 | DEFE: это тема
 60870 | Vaults:3 | theanonym: И стрелы и фаербол меня убивают
 60870 | Vaults:3 | DEFE: прочитай фог
 60870 | Vaults:3 | DEFE: и уходи
 60879 | Vaults:3 | DEFE: ввообще к лстнице дао было
 60883 | Vaults:3 | theanonym: Да жуков много плюс все заражённые
 60885 | Vaults:3 | DEFE: а жуки не бьют то что за лосом
 60887 | Vaults:3 | DEFE: в современных версиях это убрали
 60891 | Vaults:3 | DEFE: кстати облака теперь тоже моментально исчезают вне лоса
 60893 | Vaults:3 | Reached skill level 3 in Dodging
 60894 | Vaults:3 | theanonym: Что не бьют я уже давно заметил
 60902 | Vaults:3 | Reached skill level 7 in Earth Magic
 60909 | Vaults:3 | DEFE: ОХАРДКОРЕЛЕ
 60970 | Vaults:3 | DEFE: раньше били
 61005 | Vaults:3 | Reached skill level 4 in Dodging
 61041 | Vaults:3 | DEFE: все в крови
 61048 | Vaults:3 | DEFE: куски мяса
 61070 | Vaults:3 | Reached skill level 5 in Dodging
 61117 | Vaults:3 | DEFE: болт
 61117 | Vaults:3 | DEFE: ну
 61117 | Vaults:3 | theanonym: Дракон форм могу взять
 61117 | Vaults:3 | DEFE: лол
 61117 | Vaults:3 | DEFE: ненадо
 61124 | Vaults:3 | Found a staircase to the Crypt.
 61171 | Vaults:3 | theanonym: Был бы прикол если rn не давал жуков вешать
 61187 | Vaults:3 | DEFE: кто?
 61189 | Vaults:3 | DEFE: а
 61189 | Vaults:3 | theanonym: Негативный резист
 61199 | Vaults:3 | DEFE: так жуки надже на демонов вешаются
 61282 | Vaults:3 | Reached XP level 19. HP: 116/116 MP: 43/43
 61287 | Vaults:3 | Reached skill level 6 in Dodging
 61413 | Vaults:3 | Reached skill level 8 in Earth Magic
 61569 | Vaults:3 | Reached skill level 7 in Dodging
 61877 | Vaults:3 | DEFE: реген, ксттаи, можно забывать
 61880 | Vaults:3 | DEFE: он не работает с нинужно
 61886 | Vaults:3 | theanonym: Когда заканчивается можно подлечиться на ходу
 61904 | Vaults:3 | DEFE: обычно лучше прекастовать
 61930 | Vaults:3 | theanonym: Так всегда на 10% хп придётся ходить
 61930 | Vaults:3 | theanonym: Надо бога менять чтобы ману или хп восстанавливал
 61930 | Vaults:3 | theanonym: И повесить амулет на реген
 62379 | Vaults:3 | DEFE: да ты играешь стремно
 62386 | Vaults:3 | Reached skill level 8 in Dodging
 62389 | Vaults:3 | DEFE: пользуйся боевыми спеллами
 62389 | Vaults:3 | DEFE: больше
 62389 | Vaults:3 | DEFE: болт и шот
 62389 | Vaults:3 | theanonym: Дальность очень маленькая
 62389 | Vaults:3 | DEFE: да норм
 62389 | Vaults:3 | theanonym: EV неплохо подрос
 62391 | Vaults:3 | DEFE: ага
 62532 | Vaults:3 | DEFE: ??kiku_wrath
 62532 | Vaults:3 | beem: kikubaaqudgha wrath[1/2]: Abandonment: 30 penance. Penance: random2(your xl) > 4 summons corpses with 50% of corpse rot and 50% chance of necro miscast with 20% of another or 10% of torment or 3 necro miscasts if you are undead. no matter what happened, animate dead is cast. 1/20 chance of a necro miscast if you cast a necromancy spell under penance.
 62554 | Vaults:3 | theanonym: Мне бы синергию с трупами хоть какую-то
 62554 | Vaults:3 | theanonym: Она по сути дала 3 книги и пару раз защитила от мискаста
 62605 | Vaults:3 | DEFE: ??necro_miscast
 62605 | Vaults:3 | beem: necromancy miscast[1/1]: By severity: 1: Slowing, (living) 5-19 dmg, rotting. 2: 1-3 shadows, (living) draining, 15-37 damage. 3: Reaper, soul eater, 1-7 statloss, draining, (living) severe rot, or torment.
 62605 | Vaults:3 | DEFE: reaper
 62605 | Vaults:3 | DEFE: не
 62605 | Vaults:3 | DEFE: нельзя бросать кику
 62607 | Vaults:3 | DEFE: ну нет симулякров что поделать
 62607 | Vaults:3 | DEFE: зато есть болт
 62607 | Vaults:3 | DEFE: хаунт тоже ниче так
 62607 | Vaults:3 | DEFE: но мне не нравится
 62607 | Vaults:3 | DEFE: он скорее против одного сильного противника
 62607 | Vaults:3 | theanonym: Проход через стену может взять?
 62607 | Vaults:3 | DEFE: да у тебя спелл левелов нет
 62607 | Vaults:3 | DEFE: амнезии нет?
 62607 | Vaults:3 | theanonym: Я читал что существа с хаунта только свою цель бьют
 62607 | Vaults:3 | DEFE: да
 62607 | Vaults:3 | DEFE: но бьют больно
 62607 | Vaults:3 | theanonym: 3
 62607 | Vaults:3 | DEFE: забудь ледышку
 62607 | Vaults:3 | theanonym: ф
 62614 | Vaults:3 | DEFE: но вот
 62614 | Vaults:3 | DEFE: уже есть что выбрать
 62614 | Vaults:3 | DEFE: бери хаунт
 62614 | Vaults:3 | DEFE: болт все равно нельзя с жуками
 62622 | Vaults:3 | Learned a level 7 spell: Haunt
 62622 | Vaults:3 | theanonym: Мискаст большой
 62622 | Vaults:3 | DEFE: ну и что?
 62622 | Vaults:3 | DEFE: у тебя же кику
 62622 | Vaults:3 | DEFE: ну подучи левелов 5 саммонингпа
 62622 | Vaults:3 | DEFE: будет 2% шанс луза
 62622 | Vaults:3 | DEFE: или меньше
 62622 | Vaults:3 | DEFE: экспы это все равно стоить не будет
 62622 | Vaults:3 | theanonym: Всё подряд прокачал
 62622 | Vaults:3 | theanonym: Ну DE можно
 62622 | Vaults:3 | DEFE: ??haunt
 62622 | Vaults:3 | beem: haunt[1/2]: (L7 summ/necr): Summons 2-6 wraiths and undead "ghost" type monsters around the target. Smite-targeted, but only castable on a monster. In 0.16 and earlier caused sickness when cast unless you worship Kikubaaqudgha and pass a piety-in-200 check.
 62622 | Vaults:3 | DEFE: ??haunt[2
 62631 | Vaults:3 | beem: haunt[2/2]: < crate_> anyway if you have haunt sickness doesnt matter anyway < crate_> because you have haunt
 62634 | Vaults:4 | theanonym: О
 62634 | Vaults:4 | DEFE: ахаххахаах
 62766 | Vaults:4 | Reached skill level 1 in Summonings
 63015 | Vaults:4 | Reached skill level 2 in Summonings
 63030 | Vaults:4 | Reached skill level 9 in Dodging
 63062 | Vaults:4 | Reached skill level 9 in Earth Magic
 63264 | Vaults:4 | Reached skill level 3 in Summonings
 63296 | Vaults:4 | Reached skill level 10 in Dodging
 63636 | Vaults:4 | DEFE: ну ты зажрался
 63640 | Vaults:4 | DEFE: ХВ не поднимать
 63641 | Vaults:4 | theanonym: Потом через О поднимаю
 64051 | Vaults:4 | theanonym: Хаунт каких-то бабочек призывает
 64051 | Vaults:4 | DEFE: ага
 64051 | Vaults:4 | DEFE: фантазмал варриоры довольно сильные
 64051 | Vaults:4 | DEFE: врайты еще и слоу вешают
 64051 | Vaults:4 | theanonym: Ну нет такого чтобы нажал хаунт и убил цель
 64051 | Vaults:4 | DEFE: а это да
 64051 | Vaults:4 | DEFE: они долго ковыряют
 64051 | Vaults:4 | theanonym: Когда есть жуки не стоит брать хаунт
 64055 | Vaults:4 | DEFE: хаунт он против одной цели
 64059 | Vaults:4 | DEFE: типа что-то жирное вылезло
 64067 | Vaults:4 | DEFE: а жуков нет
 64067 | Vaults:4 | Reached skill level 4 in Summonings
 64446 | Vaults:4 | theanonym: Устаёшь быстро вручную ходить
 64446 | Vaults:4 | DEFE: лол
 64446 | Vaults:4 | DEFE: эльфы можно наверное
 64446 | Vaults:4 | DEFE: с некромутом-то
 64446 | Vaults:4 | DEFE: будет норм
 64446 | Vaults:4 | DEFE: там жуки всех сеъдят
 64446 | Vaults:4 | DEFE: крипт тоже можно, но осторожно
 64446 | Vaults:4 | DEFE: что бы не встатвть под ревенанта
 64446 | Vaults:4 | DEFE: ??revenant
 64446 | Vaults:4 | beem: revenant[1/1]: A Crypt monster with {ghostly fireball}, {ghostly flames}, {dispel undead}, and {blink away}. Spectrals from ghostly flames can push past it, so try not to get pinned by them in corridors.
 64446 | Vaults:4 | theanonym: Диспел под 100 ударит?
 64446 | Vaults:4 | DEFE: да
 64446 | Vaults:4 | DEFE: ну не 100
 64446 | Vaults:4 | DEFE: но пчти
 64446 | Vaults:4 | theanonym: !lg
 64446 | Vaults:4 | DEFE: 81 может ударить
 64446 | Vaults:4 | beem: 51. theanonym the Earth Mage (L15 GrEE of Vehumet), killed by a reflected iron shot on Swamp:2 on 2017-10-17 18:13:18, with 76034 points after 38219 turns and 2:34:42.
 64446 | Vaults:4 | theanonym: Лучше бы этим на 15 рун шёл
 64446 | Vaults:4 | DEFE: killed by a reflected iron shot
 64446 | Vaults:4 | DEFE: Лол
 64446 | Vaults:4 | DEFE: Это Дональд был?
 64446 | Vaults:4 | theanonym: Да
 64446 | Vaults:4 | theanonym: 2.5 часа методично спамил удар по стене чтобы сдохнуть как дебил
 64446 | Vaults:4 | DEFE: Никогда не бей Дональда тем, что отражается
 64446 | Vaults:4 | theanonym: У меня фаербол был прокаченый
 64446 | Vaults:4 | DEFE: надо было фаерболлом
 64446 | Vaults:4 | DEFE: у него же щит
 64446 | Vaults:4 | DEFE: даже если не отражающий выпадет
 64446 | Vaults:4 | DEFE: все равно
 64446 | Vaults:4 | DEFE: фаерболлл вобще почти все чистить вплоть до депсов
 64446 | Vaults:4 | theanonym: Я прокачал конжуру и огонь для него потому что в свампе стен нет
 64446 | Vaults:4 | theanonym: Вообще персонаж очень многообещающий был по шмоту и книгам
 64458 | Vaults:4 | DEFE: лол
 64464 | Vaults:4 | DEFE: выкини щит
 64469 | Vaults:4 | DEFE: у тебя какая-то страть к щитам
 64474 | Vaults:4 | DEFE: баклера хватит
 64479 | Vaults:4 | DEFE: в эльфах обычно есть книги
 64479 | Vaults:4 | DEFE: го туда
 64480 | Vaults:4 | theanonym: BR стоит взять?
 64480 | Vaults:4 | DEFE: не
 64480 | Vaults:4 | theanonym: Надо книгу выкинуть
 64481 | Vaults:4 | DEFE: выкидывай
 64481 | Vaults:4 | DEFE: И Брог и Дверь не работают с некромутом
 64481 | Vaults:4 | DEFE: тут надо выбрать
 64481 | Vaults:4 | DEFE: либо дверь либо нинужно
 64481 | Vaults:4 | theanonym: Некромут слабый
 64481 | Vaults:4 | DEFE: лол
 64481 | Vaults:4 | theanonym: Кику и гаргулья и так дают защиту от тормента
 64481 | Vaults:4 | DEFE: так ты эе не гаргулья
 64481 | Vaults:4 | theanonym: Можно только слоты под rn+++ освободить
 64481 | Vaults:4 | theanonym: Ну в целом
 64481 | Vaults:4 | DEFE: он еще даерт rC+
 64481 | Vaults:4 | DEFE: и MR+
 64481 | Vaults:4 | DEFE: +5AC
 64481 | Vaults:4 | DEFE: А главное - тормент иммун
 64481 | Vaults:4 | DEFE: а еще имун к яду
 64481 | Vaults:4 | DEFE: ну и уязвимости холи и диспелу
 64481 | Vaults:4 | DEFE: он незаменим для чистки зигов
 64481 | Vaults:4 | DEFE: в целом для чистого кастера лучше некромут
 64481 | Vaults:4 | DEFE: если табатель лучше дверь
 64481 | Vaults:4 | DEFE: как-то так
 64481 | Vaults:4 | DEFE: особенно если тонкий табатель
 64503 | Vaults:4 | DEFE: ну норм
 64503 | Vaults:4 | DEFE: под некромутом-то
 64503 | Vaults:4 | DEFE: хватит как раз MR
 64503 | Vaults:4 | DEFE: и резистов
 64503 | Vaults:4 | theanonym: Может баклер зачарить
 64503 | Vaults:4 | theanonym: Немного больше SH
 64503 | Vaults:4 | DEFE: зачарь
 64503 | Vaults:4 | DEFE: конечно
 64503 | Vaults:4 | DEFE: солить свитки защиты имеет смысл, только если ты расчитываешь на какой-нибудь гда
 64503 | Vaults:4 | DEFE: если нет, то можно сразу зачаровывать
 64529 | Vaults:4 | DEFE: а ты посмотри
 64529 | Vaults:4 | DEFE: баклеров нет
 64739 | D:13     | DEFE: ctrl-f shield
 64739 | D:13     | DEFE: нету
 64903 | Snake:1  | theanonym: Ботинки тоже как я понял
 64903 | Snake:1  | DEFE: конечно
 64904 | Snake:4  | DEFE: это вообще лучшие боты в игре
 64968 | Snake:4  | DEFE: а еще некромут защищает от мутаций
 65195 | Elf:1    | DEFE: с возвращением
 65228 | Elf:1    | Identified the Almanac of Evil Enchantment (You acquired it on level 1 of the Elven Halls)
 65230 | Elf:1    | theanonym: О
 65230 | Elf:1    | theanonym: Чанел
 65230 | Elf:1    | DEFE: лол
 65230 | Elf:1    | DEFE: ну можешь попробовать
 65230 | Elf:1    | DEFE: больше саммонов
 65230 | Elf:1    | theanonym: Надо 4
 65230 | Elf:1    | DEFE: сублимейшен
 65230 | Elf:1    | DEFE: корпс рот
 65230 | Elf:1    | DEFE: шуба
 65500 | Lair:5   | theanonym: Сублим иногда помогает
 65500 | Lair:5   | theanonym: Но больше нечего
 65508 | Lair:5   | Learned a level 6 spell: Death Channel
 65731 | Elf:1    | DEFE: два саммона с трупа
 65758 | Elf:1    | theanonym: Ебать
 65758 | Elf:1    | DEFE: убери некромут
 65758 | Elf:1    | theanonym: Как?
 65758 | Elf:1    | DEFE: a
 65758 | Elf:1    | DEFE: f
 65758 | Elf:1    | theanonym: А, это удобно
 65758 | Elf:1    | theanonym: Не заметил
 65770 | Elf:1    | Found a glowing golden altar of the Shining One.
 65770 | Elf:1    | Found a white marble altar of Elyvilon.
 65770 | Elf:1    | Found a glowing silver altar of Zin.
 66243 | Elf:1    | HP: 11/116 [deep elf mage/bolt of lightning (33)]
 66712 | Elf:2    | Found Conin's Food Shop.
 66753 | Elf:2    | Reached skill level 11 in Dodging
 67111 | Elf:2    | Found a runed gate.
 67111 | Elf:2    | Found a runed gate.
 67111 | Elf:2    | Found a runed gate.
 67180 | Elf:2    | Reached skill level 10 in Earth Magic
 67815 | Elf:3    | Entered Level 3 of the Elven Halls
 68371 | Depths:1 | Entered Level 1 of the Depths
 68729 | Shoals:4 | Entered Level 4 of the Shoals
 68813 | Shoals:4 | Reached skill level 12 in Dodging
 68835 | Shoals:4 | Reached XP level 20. HP: 95/121 MP: 3/44
 68848 | Shoals:4 | Noticed Ilsuiw
 68857 | Shoals:4 | Killed Ilsuiw
 69073 | Shoals:4 | Noticed Nikola
 69110 | Shoals:4 | Killed Nikola
 69299 | Shoals:4 | Got a barnacled rune of Zot
 70018 | Vaults:1 | Bought a book of the Earth for 650 gold pieces
 70022 | Vaults:1 | Learned a level 2 spell: Blink
 70626 | Elf:3    | Found Xaemuo's Magic Scroll Emporium.
 70635 | Elf:3    | Bought a scroll of fear for 56 gold pieces
 70635 | Elf:3    | Bought a scroll of magic mapping for 56 gold pieces
 71143 | Elf:3    | Reached skill level 19 in Spellcasting
 71865 | Elf:3    | Found a bloodstained altar of Trog.
 72024 | Elf:3    | Got a glittering lead ring
 72026 | Elf:3    | Identified the ring of Mirth {+Fly rC- rN++ Stlth-} (You found it on level 3 of the Elven Halls)
 72222 | Elf:3    | Got a crude ring mail
 72253 | Elf:3    | Identified Sif Muna's Papyrus of Poison and Clay
 72271 | Elf:3    | Identified A Thorough Guide to Wizardry
 73069 | Crypt:1  | Entered Level 1 of the Crypt
 73311 | Crypt:1  | Reached skill level 11 in Earth Magic
 74159 | Crypt:2  | Reached skill level 12 in Fighting
 74178 | Crypt:2  | Got a sparkling platinum ring
 75161 | Crypt:3  | Entered Level 3 of the Crypt
 75161 | Crypt:3  | Noticed an ancient lich
 75456 | Crypt:3  | Got a vibrating steel ring
 75475 | Crypt:3  | Noticed Margery
 75977 | Slime:1  | Entered Level 1 of the Pits of Slime
 75983 | Slime:1  | HP: 12/122 [acid (12)]
 76406 | Slime:1  | Reached skill level 12 in Earth Magic
 76845 | Slime:1  | Reached skill level 13 in Earth Magic
 76990 | Slime:3  | Reached XP level 21. HP: 125/127 MP: 38/46
 77632 | Crypt:3  | Killed an ancient lich
 77687 | Crypt:3  | Reached skill level 14 in Earth Magic
 77778 | Crypt:3  | Killed Margery
 78050 | Crypt:3  | Found a staircase to the Tomb.
 78381 | Crypt:3  | Reached skill level 15 in Earth Magic
 78439 | Crypt:3  | Found an ancient bone altar of Kikubaaqudgha.
 78445 | Crypt:3  | Noticed a profane servitor
 78453 | Crypt:3  | Killed a profane servitor
 78458 | Crypt:3  | Found a basalt altar of Yredelemnul.
 78541 | Crypt:3  | Noticed Yermak's ghost (adept DgFE)
 78552 | Crypt:3  | Killed Yermak's ghost
 79334 | Depths:1 | Reached skill level 16 in Earth Magic
 79399 | Depths:1 | Found Gomimur's Quality Used Wands.
 79399 | Depths:1 | Found Jiyx's Distillery.
 79435 | Depths:1 | Identified the ring of the Sunfish {MR+ MP+9 Int+3 Dex-5 SInv} (You found it on level 3 of the Crypt)
 79436 | Depths:1 | Identified the ring of the Sparrow {Str+2 Dex+8} (You took it off a skeletal warrior on level 2 of the Crypt)
 79589 | Depths:1 | Found a gateway to Hell.
 80088 | Depths:2 | Noticed the Enchantress
 80542 | Depths:2 | Reached skill level 17 in Earth Magic
 80746 | Depths:2 | Killed the Enchantress
 80835 | Depths:2 | Found a transporter.
 80895 | Depths:2 | Noticed Saint Roka
 80924 | Depths:2 | Killed Saint Roka
 80948 | Depths:2 | Wingboner: О, скарабейчики.
 81011 | Depths:2 | Killed from afar by an ogre mage

Vault maps used:
D:1:      minmay_arrival_semitransparent
D:2:      cheibrodos_pilgrimage, yredelemnul_forgotten_temple_becter,
          okawaru_ov_weapons_minmay, gammafunk_temple_overflow_wave,
          serial_park_tiny_2, uniq_robin, uniq_sigmund
D:3:      nicolae_gozag_zags_fifth_avenue, lemuel_round_altar,
          nicolae_ru_great_annihilating_truth
D:4:      first_bread, corexii_leaking_fountain
D:5:      evilmike_ruin_ashenzari
D:6:      dancing_weapons_uskayaw, uniq_eustachio, uniq_crazy_yiuf_cottage
D:7:      bloody_makhleb, minmay_temple_entry_butterflies, basic_altar,
          grunt_livestock, uniq_pikel
D:8:      nicolae_tso_carved_into_rock, serial_glass, glass_columns_a,
          glass_columns_a, glass_columns_a, glass_columns_a, glass_columns_b,
          glass_columns_a, feat_on_display, uniq_joseph
D:9:      marbit_many_paths, minmay_fountain_box, minmay_checkerbox
D:10:     david_lair_generic, evilmike_minifort, uniq_fannar, uniq_gastronok,
          uniq_nergalle
D:11:     serial_ice, serial_ice_h, serial_ice_g, serial_ice_c, serial_ice_a,
          due_unseen_surprise
D:12:     evilmike_diamond_1, lightli_wizard_tower, uniq_azrael, uniq_harold
D:13:     serial_shops, shop_statue, enter_trove_2, hangedman_decor_push,
          columned_hall_lemuel, uniq_erolcha, uniq_frances, uniq_maurice
D:14:     grunt_vaults_entry_tiered, uniq_roxanne, uniq_josephine
D:15:     grunt_enter_depths_snipers
Temple:   minmay_temple_curvy_loop
Lair:1:   lemuel_centaur_altar
Lair:2:   guppyfry_snake_entry_garden, disabler_island, lemuel_fruit_fields
Lair:3:   minmay_lair_oklob_tunnel, lab_entry_generic, grunt_megastairs_2,
          infiniplex_staircase_pool, lemuel_fruit_fields,
          minmay_lair_oklob_chamber
Lair:4:   minmay_shoals_entry_lonely_mermaid, grunt_megastairs_1,
          serial_bayou_shore_b, lemuel_fruit_fields
Lair:5:   minmay_slime_entry_oklob_open, uniq_rupert
Lair:6:   cheibrodos_lair_end_hotspot, minmay_lair_oklob_items
Shoals:2: portal_ice_cave_entry_frozen_things
Shoals:3: nicolae_shoals_drake_roost
Shoals:4: shoals_end_simple, shoal_ilsuiw, uniq_nikola
Snake:1:  st_stairs_1, spider_trap, hangedman_snake_pattern
Snake:3:  uniq_kirke
Snake:4:  grunt_snake_rune_pools, uniq_mara, uniq_aizul
Orc:1:    cheibrodos_orc_arena
Orc:2:    pf_orc_diabolical, lightli_volcano_entry_magma_tube
Elf:1:    minmay_elf_arrival_summoners, mu_enter_wizlab_7,
          portal_desolation_entry_holy_temple, minmay_elf_sorcery
Elf:2:    serial_shops, shop
Elf:3:    minmay_elf_hall_quartered_circle, serial_shops, shop,
          evilmike_spriggan_trog_shrine
Vaults:1: hangedman_vaults_locks, v_misc_28, v_misc_2, v_pattern_2,
          nicolae_vaults_shelves_hall, hangedman_vaults_slice,
          vaults_mumra_hexcomb, nicolae_vaults_ring_of_whatevers, v_misc_22,
          serial_ice_h, ontoclasm_vaults_fault, vaults_room_hallway,
          serial_shops, nicolae_shop_statue_plus, uniq_donald
Vaults:2: v_misc_14, vaults_room_ringed_pool, grunt_vaults_focal,
          vaults_room_octagon, v_misc_33, vaults_room_octagon, v_rooms_5,
          nicolae_vaults_network_quinsquares, nicolae_vaults_theta, v_pattern_4,
          vaults_mumra_hex, serial_shops, freezing_bzr
Vaults:3: minmay_crypt_entry_simple_sparse, v_misc_33, grunt_vaults_swirl,
          nicolae_vaults_little_squares_1, v_misc_2,
          nicolae_vaults_little_squares_5
Vaults:4: nicolae_vaults_good_morning_starshine, hangedman_vaults_slice,
          ontoclasm_vaults_misaligned, v_rooms_6, nicolae_vaults_what_the_h,
          nicolae_vaults_shelves_hall, nicolae_vaults_little_squares_3,
          vaults_dpeg_hooks, nicolae_vaults_little_ls, v_misc_24,
          nicolae_vaults_little_squares_4, nicolae_vaults_little_squares_4,
          nicolae_vaults_specimen_jars, nicolae_vaults_border_crossing
Crypt:1:  grunt_crypt_arrival_guarded_gate, grunt_megastairs_4
Crypt:3:  lightli_unholy_cathedral, nicolae_tomb_entry_rubble_hallway,
          chequers_big_river, lemuel_statue_altar, uniq_margery
Depths:1: pf_hell_entry_great_geh, serial_shops, nicolae_shop_window_shopping,
          grunt_decor_mini_mirrors, glass_columns_a, dk_noncrumbling_4,
          nicolae_for_you_no_charge
Depths:2: gammafunk_dig_for_victory, pan_entry, hell_entry,
          infiniplex_staircase_trident, kennysheep_opposing_triangles,
          serial_bayou_shore_a, uniq_saint_roka, uniq_enchantress
Lab:      labyrinth_spiral, nicolae_lab_big_swirl
Bazaar:   bazaar_lake
IceCv:    ice_cave_tombish
Volcano:  volcano_grotto

Skill      XL: |  1  2  3  4  5  6  7  8  9 10 11 12 13 14 15 16 17 18 19 20 21 |
---------------+----------------------------------------------------------------+-----
Fighting       | 1 2 3 4 5 6 7 9 10 11 12 | 12.0
Spellcasting   | 4 5 6 8 9 10 11 12 13 14 15 17 18 19 | 19.9
Ice Magic      | 4 5 6 7 9 10 11 12 13 | 13.1
Necromancy     | 1 2 3 4 5 7 9 10 11 13 15 19 20 21 | 21.9
Charms         | 2 4 5 6 8 10 | 10.0
Conjurations   | 2 3 5 7 9 10 11 12 13 | 13.1
Shields        | 4 |  4.0
Transmutations | 7 10 | 10.0
Earth Magic    | 7 10 13 17 | 17.4
Dodging        | 5 12 | 12.5
Summonings     | 4 |  4.0
Stealth        | |  2.4

Action                   |  1- 3 |  4- 6 |  7- 9 | 10-12 | 13-15 | 16-18 | 19-21 || total
-------------------------+-------+-------+-------+-------+-------+-------+-------++-------
Melee: Dagger            |    70 |    47 |    51 |       |    77 |       |       ||   245
       Unarmed           |     1 |       |       |       |       |       |       ||     1
       Falchion          |       |       |     1 |    71 |     2 |       |       ||    74
       Staff             |       |       |       |       |    12 |    14 |    34 ||    60
 Cast: Freeze            |    45 |    43 |   137 |   136 |    36 |       |       ||   397
       Throw Frost       |     2 |    38 |   220 |   174 |    17 |       |       ||   451
       Ozocubu's Armour  |     2 |     3 |    29 |    82 |    91 |     8 |    85 ||   300
       Regeneration      |       |       |     3 |     6 |     3 |    55 |     7 ||    74
       Throw Icicle      |       |       |     9 |    12 |   118 |    26 |       ||   165
       Control Undead    |       |       |       |    19 |       |       |       ||    19
       Dispel Undead     |       |       |       |    12 |       |     1 |    77 ||    90
       Bolt of Draining  |       |       |       |    80 |   521 |   237 |   221 ||  1059
       Corpse Rot        |       |       |       |     1 |       |       |       ||     1
       Agony             |       |       |       |       |    76 |    18 |       ||    94
       Swiftness         |       |       |       |       |     7 |     1 |     1 ||     9
       Infestation       |       |       |       |       |     6 |   238 |   251 ||   495
       Sublimation of Bl |       |       |       |       |       |    58 |     2 ||    60
       Necromutation     |       |       |       |       |       |    14 |   115 ||   129
       Iron Shot         |       |       |       |       |       |     5 |    23 ||    28
       Death Channel     |       |       |       |       |       |       |    64 ||    64
       Haunt             |       |       |       |       |       |       |    28 ||    28
Invok: Receive Necronomi |       |       |       |       |     1 |       |       ||     1
 Abil: End Transformatio |       |       |       |       |       |       |     3 ||     3
Evoke: Wand              |       |       |       |       |       |       |     1 ||     1
  Use: Scroll            |       |     3 |     7 |    20 |    16 |    12 |    24 ||    82
       Potion            |       |       |     4 |     5 |     1 |     1 |     2 ||    13
 Stab: Sleeping          |     5 |     2 |     3 |     1 |     1 |       |       ||    12
       Invisible         |       |     1 |       |       |       |       |       ||     1
       Paralysed         |       |     1 |       |       |       |       |       ||     1
       Distracted        |       |       |       |     2 |       |       |     2 ||     4
  Eat: Chunk             |     3 |    18 |    26 |    37 |    29 |    66 |     1 ||   180
       Meat ration       |       |     1 |       |       |       |     7 |     4 ||    12
       Bread ration      |       |       |       |       |    10 |     5 |     2 ||    17
       Fruit             |       |       |       |       |     1 |     2 |     2 ||     5
       Royal jelly       |       |       |       |       |       |     1 |       ||     1
Armor: Robe              |    18 |    18 |    68 |   139 |    23 |    52 |   103 ||   421
       Skin              |       |       |       |     6 |       |       |       ||     6
       Leather armour    |       |       |       |       |    66 |       |       ||    66
       Steam dragon scal |       |       |       |       |    64 |       |       ||    64
Dodge: Dodged            |    75 |    69 |   139 |   263 |   230 |   100 |   214 ||  1090
Block: Buckler           |       |       |       |       |   107 |    52 |   124 ||   283
       Reflection        |       |       |       |       |       |     7 |       ||     7
       Rpst.: Falchion   |       |       |       |    82 |     8 |       |       ||    90

Table legend:
 A = Spawn XP
 B = Non-spawn XP
 C = Spawn XP percentage of total XP
 D = Spawn monster count
 E = Non-spawn monster count
 F = Spawn count percentage of total count
 G = Total turns spent on level
                    A         B        C        D         E        F      G
               +---------+---------+-------+---------+---------+-------+---------
         Total |       0 |  686379 |   0.0 |       0 |    2032 |   0.0 | 81011
               +---------+---------+-------+---------+---------+-------+---------
           D:1 |       0 |      56 |   0.0 |       0 |      27 |   0.0 |  1513
           D:2 |       0 |     378 |   0.0 |       0 |      30 |   0.0 |  1369
           D:3 |       0 |      71 |   0.0 |       0 |      27 |   0.0 |  1772
           D:4 |       0 |     782 |   0.0 |       0 |      16 |   0.0 |  1739
           D:5 |       0 |     677 |   0.0 |       0 |      19 |   0.0 |  1884
           D:6 |       0 |     810 |   0.0 |       0 |      14 |   0.0 |  1828
           D:7 |       0 |    1683 |   0.0 |       0 |      27 |   0.0 |  1925
           D:8 |       0 |    1238 |   0.0 |       0 |      23 |   0.0 |  1787
           D:9 |       0 |    2057 |   0.0 |       0 |      11 |   0.0 |  1477
          D:10 |       0 |    8266 |   0.0 |       0 |      35 |   0.0 |  2557
          D:11 |       0 |    5760 |   0.0 |       0 |      37 |   0.0 |  4006
          D:12 |       0 |   24798 |   0.0 |       0 |      75 |   0.0 |  3960
          D:13 |       0 |    5852 |   0.0 |       0 |      27 |   0.0 |   989
          D:14 |       0 |   12762 |   0.0 |       0 |      58 |   0.0 |  1718
          D:15 |       0 |   12586 |   0.0 |       0 |      55 |   0.0 |  1426
        Lair:1 |       0 |    3797 |   0.0 |       0 |      26 |   0.0 |  2004
        Lair:2 |       0 |    6986 |   0.0 |       0 |      20 |   0.0 |  2345
        Lair:3 |       0 |    7076 |   0.0 |       0 |      27 |   0.0 |  1724
        Lair:4 |       0 |    8110 |   0.0 |       0 |      27 |   0.0 |  2263
        Lair:5 |       0 |    7877 |   0.0 |       0 |      22 |   0.0 |  1915
        Lair:6 |       0 |   14695 |   0.0 |       0 |      51 |   0.0 |  2383
      Shoals:1 |       0 |   13847 |   0.0 |       0 |      39 |   0.0 |  1192
      Shoals:2 |       0 |   14901 |   0.0 |       0 |      54 |   0.0 |  1821
      Shoals:3 |       0 |    9798 |   0.0 |       0 |      27 |   0.0 |  1089
      Shoals:4 |       0 |   23565 |   0.0 |       0 |      74 |   0.0 |   887
       Snake:1 |       0 |   14268 |   0.0 |       0 |      29 |   0.0 |  1746
       Snake:2 |       0 |    8306 |   0.0 |       0 |      20 |   0.0 |   691
       Snake:3 |       0 |   11192 |   0.0 |       0 |      42 |   0.0 |  1034
       Snake:4 |       0 |   40594 |   0.0 |       0 |     107 |   0.0 |  1259
       Slime:1 |       0 |   11957 |   0.0 |       0 |      34 |   0.0 |   399
       Slime:2 |       0 |   11074 |   0.0 |       0 |      16 |   0.0 |   213
       Slime:3 |       0 |    3398 |   0.0 |       0 |       8 |   0.0 |    11
         Orc:1 |       0 |    4001 |   0.0 |       0 |      28 |   0.0 |  1574
         Orc:2 |       0 |   23796 |   0.0 |       0 |     113 |   0.0 |  3716
         Elf:1 |       0 |    9949 |   0.0 |       0 |      24 |   0.0 |  1153
         Elf:2 |       0 |   21315 |   0.0 |       0 |      50 |   0.0 |  2007
         Elf:3 |       0 |   34598 |   0.0 |       0 |      49 |   0.0 |  1751
      Vaults:1 |       0 |   39076 |   0.0 |       0 |      96 |   0.0 |  2380
      Vaults:2 |       0 |   42443 |   0.0 |       0 |      83 |   0.0 |  2093
      Vaults:3 |       0 |   41838 |   0.0 |       0 |     103 |   0.0 |  2288
      Vaults:4 |       0 |   36109 |   0.0 |       0 |      94 |   0.0 |  1927
       Crypt:1 |       0 |   21802 |   0.0 |       0 |      55 |   0.0 |  1246
       Crypt:2 |       0 |   19989 |   0.0 |       0 |      41 |   0.0 |  1354
       Crypt:3 |       0 |   53015 |   0.0 |       0 |      68 |   0.0 |  1491
      Depths:1 |       0 |   18647 |   0.0 |       0 |      41 |   0.0 |  1192
      Depths:2 |       0 |   24402 |   0.0 |       0 |      59 |   0.0 |   515
           Lab |       0 |    1495 |   0.0 |       0 |       3 |   0.0 |  2258
         IceCv |       0 |     346 |   0.0 |       0 |       1 |   0.0 |    25
       Volcano |       0 |    4341 |   0.0 |       0 |      20 |   0.0 |   480
               +---------+---------+-------+---------+---------+-------+---------
